Map: Double the Carnage 3.0

Players

MrFercho - Winner!

  • Race: Zerg Zerg
  • League: Gold
  • Spawn Location: 1:00

Player 2

  • Race: Zerg Zerg
  • Spawn Location: 3:00

TATORREA

  • Race: Protoss Protoss
  • League: Gold
  • Spawn Location: 12:00

Player 4

  • Race: Terran Terran
  • Spawn Location: 7:00

tigro

  • Race: Terran Terran
  • League: Bronze
  • Spawn Location: 7:00

Player 6

  • Race: Terran Terran
  • Spawn Location: 11:00

Player 7

  • Race: Zerg Zerg
  • Spawn Location: 0:00

Player 8

  • Race: Terran Terran
  • Spawn Location: 12:00

Player 9

  • Race: Protoss Protoss
  • Spawn Location: 3:00

Player 10

  • Race: Zerg Zerg
  • Spawn Location: 0:00

Player 11

  • Race: Zerg Zerg
  • Spawn Location: 5:00

Player 12

  • Race: Terran Terran
  • Spawn Location: 6:00

VOD

Have the link to the VOD?

Description

Time

  • Played on: Aug. 19, 2020, 11:47 p.m.
  • Length: 50:18
Show
View Real Time Build Order
Export as new Build Order

MrFercho Zerg - Winner!

Build Orders: Pool First, Roach Hydra 

Get SALT Encoding   

  12  0:22  Spawning Pool  
  12  0:23  Drone x2  
  12  0:27  Overlord  
  13  0:35  Drone  
  14  0:46  Drone  
  15  1:00  Drone, Unknown  
  15  1:09  Queen  
  15  1:10  Drone  
  18  1:17  Overlord  
  18  1:27  Drone  
  19  1:38  Drone  
  20  1:56  Zergling x2  
  21  2:08  Drone  
  21  2:12  Queen  
  21  2:13  Hatchery, Metabolic Boost  
  21  2:15  Drone, Unknown  
  24  2:16  Unknown  
  22  2:42  Unknown  
  22  2:43  Drone x3  
  24  2:44  Drone x2  
  24  2:45  Drone  
  24  2:51  Lair  
  27  2:55  Drone  
  28  3:11  Overlord x2  
  28  3:14  Drone x2  
  30  3:26  Drone x4  
  34  3:37  Drone x6  
  40  3:43  Roach Warren  
  40  3:45  Evolution Chamber  
  40  3:47  Evolution Chamber  
  37  3:51  Baneling Nest, Drone x3  
  39  4:11  Drone  
  39  4:14  Zerg Missile Weapons Level 1  
  39  4:16  Zerg Ground Armor Level 1  
  40  4:23  Glial Reconstitution  
  40  4:26  Overlord x2  
  40  4:28  Roach x6  
  52  4:36  Overlord  
  52  4:37  Overlord x2  
  52  4:57  Drone x4  
  56  5:03  Roach  
  56  5:04  Roach x5  
  68  5:12  Hatchery  
  68  5:13  Hydralisk Den  
  66  5:14  Drone  
  67  5:22  Infestation Pit  
  67  5:26  Pneumatized Carapace  
  66  5:35  Drone  
  67  5:40  Drone x5  
  67  5:41  Drone x4  
  76  5:45  Overlord  
  76  5:48  Centrifical Hooks  
  76  5:51  Grooved Spines  
  76  6:02  Drone x4  
  76  6:03  Drone x4  
  84  6:09  Overseer  
  84  6:19  Hive  
  84  6:22  Burrow  
  84  6:33  Unknown  
  84  6:34  Unknown  
  84  6:37  Zerg Missile Weapons Level 2, Zerg Ground Armor Level 2  
  82  6:40  Tunneling Claws  
  82  6:47  Drone x3  
  82  6:49  Queen  
  87  7:00  Roach x9  
  105  7:02  Muscular Augments  
  105  7:05  Zergling x2  
  105  7:07  Overlord x5  
  105  7:08  Overlord  
  105  7:19  Zergling x2  
  104  7:24  Overlord x3  
  104  7:43  Hydralisk x11  
  104  7:44  Hydralisk  
  110  7:46  Overlord  
  110  7:48  Overlord  
  116  7:51  Queen  
  118  8:01  Hydralisk x8  
  126  8:24  Hatchery  
  126  8:26  Unknown  
  124  8:27  Queen  
  124  8:29  Spire  
  124  8:33  Lurker Den  
  124  8:39  Ultralisk Cavern  
  123  9:06  Drone  
  123  9:07  Drone x2  
  123  9:09  Drone x10  
  136  9:18  Drone x4  
  140  9:25  Overlord  
  140  9:26  Overlord x3  
  140  9:29  Ultralisk x3  
  158  9:32  Zerg Missile Weapons Level 3  
  158  9:40  Hatchery  
  158  9:42  Zerg Ground Armor Level 3  
  158  9:43  Unknown  
  156  9:49  Chitinous Plating  
  156  9:51  Seismic Spines  
  156  9:54  Greater Spire  
  156  9:56  Drone x2  
  156  9:57  Pathogen Glands  
  157  10:14  Hydralisk  
  157  10:15  Nydus Network, Hydralisk x16  
  157  10:16  Hydralisk x5  
  157  10:17  Hydralisk x7  
  184  10:27  Zergling x14  
  184  10:28  Zergling x7  
  195  10:35  Drone  
  195  10:36  Drone  
  195  10:49  Zergling, Adaptive Talons  
  196  10:54  Neural Parasite  
  196  11:00  Queen  
  196  11:01  Unknown  
  197  11:08  Anabolic Synthesis, Zerg Flyer Weapons Level 1  
  196  11:17  Spire  
  195  11:43  Drone x3  
  195  11:44  Drone  
  195  11:45  Drone x2  
  195  11:46  Overlord x5  
  201  11:48  Overlord x3  
  201  12:20  Nydus Canal  
  201  12:26  Ultralisk x3  
  201  12:27  Corruptor  
  201  12:28  Corruptor x17  
  201  12:29  Corruptor x16  
  281  12:30  Corruptor x3  
  281  12:35  Zerg Flyer Armor Level 1  
  285  13:46  Hatchery  
  284  13:53  Hatchery  
  283  14:03  Adrenal Glands, Hydralisk  
  283  14:04  Hydralisk x11  
  283  14:05  Hydralisk  
  283  14:09  Overlord x13  
  293  14:10  Overlord x5  
  293  14:15  Drone x4  
  293  14:16  Drone  
  290  14:34  Zerg Flyer Armor Level 2  
  290  14:36  Zerg Flyer Weapons Level 2  
  288  15:06  Nydus Canal  
  285  15:57  Brood Lord x13  
  286  15:58  Brood Lord x15  
  286  16:00  Mutalisk  
  286  16:01  Mutalisk x14  
  286  16:02  Mutalisk x3  
  376  16:18  Unknown  
  375  16:19  Unknown  
  374  16:37  Nydus Canal  
  374  16:38  Hatchery  
  373  16:42  Unknown  
  372  16:55  Zerg Flyer Armor Level 3  
  372  16:56  Zerg Flyer Weapons Level 3  
  372  17:29  Drone x9  
  381  17:33  Drone x3  
  381  17:34  Drone x2  
  381  17:35  Drone x8  
  384  17:56  Zerg Melee Weapons Level 1  
  382  18:00  Corruptor x8  
  366  18:12  Corruptor  
  345  18:15  Drone  
  323  18:23  Overseer  
  305  19:10  Nydus Canal  
  265  19:53  Roach x8  
  265  19:56  Hydralisk x12  
  265  19:57  Hydralisk x23  
  265  19:58  Hydralisk  
  276  20:34  Hydralisk  
  275  20:38  Zergling x6  
  275  20:39  Zergling x44  
  259  21:35  Zergling x24  
  259  21:36  Zergling x12  
  275  21:53  Mutalisk x3  
  212  23:06  Spawning Pool  
  141  24:20  Hatchery x2  
  141  24:23  Hatchery  
  138  24:24  Hatchery  
  138  24:25  Hatchery  
  138  24:28  Hatchery  
  132  25:02  Lair, Roach  
  129  25:29  Hydralisk x2  
  123  26:16  Spire  
  122  26:28  Hydralisk Den  
  121  27:01  Infestation Pit  
  120  27:14  Drone x5  
  120  27:15  Drone x4  
  129  27:16  Drone x2  
  131  27:37  Unknown  
  131  27:38  Drone, Unknown  
  131  27:39  Drone x2  
  131  27:40  Drone x3  
  135  27:50  Hatchery  
  134  27:53  Unknown  
  134  27:54  Corruptor  
  134  27:55  Corruptor x17, Unknown x2  
  134  27:56  Hatchery, Corruptor x4  
  134  27:57  Hatchery, Unknown  
  172  27:59  Unknown  
  171  28:07  Drone  
  171  28:08  Drone x2  
  174  28:25  Nydus Network  
  173  28:48  Zergling x18  
  177  28:49  Zergling x54  
  177  28:50  Zergling x40  
  200  29:51  Hydralisk  
  200  29:52  Hydralisk x17  
  191  29:53  Hydralisk x25  
  191  29:54  Hydralisk x12  
  228  30:06  Drone x2  
  228  30:07  Drone x2  
  230  30:08  Drone x2  
  230  30:09  Drone  
  230  30:10  Drone x2  
  235  30:17  Corruptor  
  235  30:18  Corruptor x5  
  242  30:26  Zergling x8  
  242  30:27  Zergling x40  
  262  30:38  Nydus Canal  
  261  31:30  Corruptor x11  
  270  32:26  Hatchery  
  270  32:28  Evolution Chamber  
  260  32:43  Hive  
  232  33:24  Corruptor x2  
  232  33:25  Corruptor x16  
  234  33:53  Zergling x42  
  234  33:54  Zergling x34  
  217  35:26  Nydus Canal  
  200  36:03  Zergling x2  
  200  36:04  Zergling x36  
  204  36:05  Zergling x34  
  167  37:21  Zergling x6  
  167  37:22  Zergling x50  
  177  37:23  Zergling x16  
  173  38:11  Unknown  
  168  38:14  Unknown  
  168  38:16  Hatchery  
  153  39:42  Zergling x4  
  153  39:43  Zergling x56  
  153  39:44  Zergling x12  
  180  40:10  Ultralisk Cavern  
  167  40:19  Zerg Melee Weapons Level 2  
  164  41:55  Nydus Canal  
  163  42:32  Greater Spire  
  163  42:40  Ultralisk x2  
  132  43:28  Zergling x8  
  132  43:29  Zergling x52  
  132  43:30  Zergling x12  
  164  43:49  Extractor, Hatchery  
  164  43:52  Extractor  
  143  44:13  Hydralisk x4  
  143  44:14  Hydralisk x25  
  143  44:15  Hydralisk x5  
  177  44:24  Zergling x2  
  177  44:25  Zergling x2  
  179  44:51  Brood Lord x2  
  181  45:42  Zerg Melee Weapons Level 3  
  181  46:01  Hydralisk x2  
  166  46:37  Drone  
  165  46:52  Hydralisk x8  
  165  46:53  Hydralisk x26  
  193  46:55  Hydralisk  
  193  47:24  Zergling x20  
  193  47:25  Zergling x30  
  218  47:38  Ultralisk  
  209  48:33  Zergling x42  
  209  48:34  Zergling x36  
Show
View Real Time Build Order
Export as new Build Order

Player 2 Zerg 

Build Orders: 1 Base Baneling Bust, Pool First 

Get SALT Encoding   

  12  0:01  Drone  
  13  0:10  Overlord  
  13  0:12  Drone  
  14  0:28  Drone  
  15  0:31  Drone  
  15  0:32  Spawning Pool  
  15  0:34  Drone  
  16  0:38  Unknown  
  16  0:40  Unknown  
  14  0:44  Drone  
  15  0:55  Drone  
  16  1:06  Drone  
  17  1:16  Overlord  
  17  1:20  Queen  
  19  1:27  Zergling x2  
  19  1:30  Roach Warren  
  19  1:38  Drone  
  20  1:42  Baneling Nest  
  19  1:49  Drone  
  20  2:00  Zergling x2  
  21  2:11  Drone  
  22  2:21  Zergling x2  
  23  2:27  Zergling x2, Overlord  
  24  2:33  Zergling x2  
  25  2:39  Zergling x2  
  26  2:44  Baneling  
  26  2:45  Evolution Chamber  
  26  2:46  Baneling  
  26  2:47  Baneling  
  26  2:48  Zergling x2, Drone  
  27  2:54  Zergling x2  
  28  3:01  Zergling x2, Overlord  
  29  3:08  Zergling x2  
  30  3:14  Zergling x2, Drone  
  30  3:18  Drone  
  33  3:20  Zergling x2  
  33  3:26  Baneling  
  34  3:28  Baneling, Drone  
  34  3:29  Baneling  
  34  3:33  Drone  
  36  3:34  Zergling x2  
  36  3:37  Drone  
  36  3:40  Drone  
  39  6:16  Lair, Roach  
  39  6:17  Overlord  
  41  6:19  Drone  
  41  6:22  Drone  
  43  6:31  Spore Crawler  
  43  6:32  Drone  
  43  6:37  Drone  
  43  6:39  Roach  
  42  6:41  Drone, Spore Crawler  
  42  6:44  Drone  
  42  6:45  Hatchery  
  39  6:47  Overlord  
  39  6:50  Drone  
  39  6:54  Ravager  
  41  6:55  Evolution Chamber  
  41  6:59  Roach  
  41  7:01  Drone  
  42  7:13  Ravager  
  42  7:14  Spine Crawler  
  41  7:16  Roach  
  41  7:19  Drone  
  41  7:21  Queen  
  45  7:23  Spine Crawler  
  45  7:25  Overseer  
  45  7:27  Drone  
  45  7:29  Overseer  
  44  7:32  Zergling x2  
  44  7:33  Hydralisk Den  
  44  7:35  Drone  
  43  7:37  Infestation Pit  
  43  7:39  Drone  
  43  7:42  Spire  
  42  7:45  Drone  
  43  8:00  Drone  
  43  8:04  Hydralisk  
  45  8:06  Drone  
  45  8:07  Queen  
  45  8:10  Drone  
  49  8:15  Drone  
  49  8:19  Hydralisk  
  50  8:20  Unknown  
  50  8:24  Drone  
  50  8:26  Spore Crawler  
  50  8:27  Drone  
  50  8:33  Drone  
  52  8:34  Spore Crawler  
  52  8:35  Hydralisk  
  52  8:38  Unknown  
  52  8:40  Drone  
  52  8:45  Drone  
  53  8:49  Drone  
  53  8:52  Hydralisk  
  55  8:55  Drone  
  55  8:59  Drone  
  57  9:03  Drone  
  57  9:07  Drone, Spine Crawler  
  58  9:11  Drone  
  58  9:15  Drone  
  60  9:17  Spine Crawler  
  60  9:18  Overlord  
  60  9:20  Drone  
  60  9:23  Drone  
  61  9:27  Drone  
  61  9:30  Drone  
  63  9:34  Drone  
  64  9:38  Drone  
  63  9:54  Queen  
  63  9:57  Queen  
  63  9:59  Zergling x2  
  64  10:13  Hydralisk  
  64  10:26  Hydralisk  
  56  10:29  Pneumatized Carapace  
  56  10:33  Overseer  
  53  10:36  Zerg Melee Weapons Level 1  
  53  10:37  Overlord  
  53  10:41  Roach  
  53  10:42  Zerg Ground Armor Level 1  
  54  10:45  Burrow  
  52  10:54  Roach  
  54  11:08  Corruptor  
  56  11:12  Queen  
  58  11:20  Infestor  
  60  11:34  Corruptor  
  60  11:47  Infestor  
  60  11:48  Queen  
  60  12:01  Zergling x2  
  60  12:02  Overseer  
  58  12:09  Queen  
  58  12:15  Corruptor  
  52  12:30  Infestor  
  52  12:33  Overlord  
  53  12:44  Zergling x2  
  53  12:47  Drone  
  53  12:50  Drone  
  54  12:54  Drone  
  54  12:55  Hydralisk  
  54  12:56  Overlord  
  56  13:03  Hydralisk  
  56  13:04  Queen  
  55  13:11  Drone  
  55  13:12  Zergling x2  
  50  13:15  Drone  
  50  13:16  Overseer  
  40  13:21  Overlord  
  40  13:26  Drone  
  24  13:34  Drone  
  24  13:43  Evolution Chamber  
  24  13:48  Overlord, Hatchery  
  21  14:00  Overlord  
  18  14:22  Overlord  
  17  14:25  Overlord  
  17  14:26  Drone x2  
  10  14:40  Drone  
  10  14:43  Drone  
  4  14:46  Overlord, Drone  
  4  14:48  Hatchery  
  4  14:49  Drone  
  2  15:02  Drone  
  2  15:15  Unknown  
  1  15:21  Drone  
  1  15:25  Drone  
  3  15:30  Hatchery  
  2  15:41  Drone  
  2  15:49  Drone  
  2  15:59  Drone  
  2  16:00  Drone  
  3  16:04  Drone  
  3  16:08  Drone  
  5  16:15  Overlord  
  4  16:27  Unknown  
  3  16:36  Overlord  
  3  16:41  Spawning Pool  
  3  16:42  Drone  
  3  16:44  Drone  
  4  16:49  Drone  
  5  16:58  Drone  
  5  17:00  Hatchery  
  5  17:03  Drone  
  6  17:09  Drone  
  6  17:14  Drone  
  8  17:19  Drone, Evolution Chamber  
  8  17:25  Drone  
  8  17:28  Queen  
  11  17:30  Drone  
  11  17:31  Zergling x2  
  11  17:35  Evolution Chamber  
  11  17:36  Drone  
  13  17:40  Spore Crawler  
  13  17:42  Drone  
  12  17:46  Drone, Spore Crawler  
  12  17:58  Drone  
  12  18:04  Lair  
  11  18:08  Zergling x2  
  11  18:12  Drone  
  12  18:14  Spine Crawler  
  12  18:19  Drone, Spine Crawler  
  11  18:22  Roach Warren, Drone  
  11  18:23  Zerg Missile Weapons Level 1  
  11  18:27  Evolution Chamber  
  11  18:29  Drone  
  11  18:33  Drone  
  12  18:35  Zergling x2  
  12  18:36  Drone  
  12  18:39  Overlord  
  12  18:40  Drone  
  15  18:43  Zergling x2  
  15  18:44  Baneling Nest  
  13  18:56  Hatchery, Drone  
  13  18:59  Drone  
  11  19:04  Overseer  
  11  19:09  Overlord  
  10  19:12  Drone  
  10  19:15  Zergling x2  
  10  19:16  Drone  
  6  19:18  Drone  
  6  19:19  Spore Crawler  
  6  19:21  Drone  
  6  19:22  Zergling x2  
    20:07  Zergling x2  
    20:08  Queen  
  3  20:18  Overlord  
  3  20:30  Drone  
  4  20:39  Drone  
  5  20:50  Drone  
  6  21:01  Drone  
  6  21:04  Hatchery  
  6  21:14  Drone  
  6  21:18  Overlord, Drone  
  8  21:21  Drone  
  8  21:22  Hatchery  
  8  21:25  Drone  
  9  21:35  Spawning Pool  
  9  21:36  Drone  
  9  21:40  Drone  
  9  21:44  Drone  
  11  21:47  Drone  
  11  21:50  Drone  
  11  21:52  Unknown  
  12  21:55  Overlord  
  12  22:05  Evolution Chamber  
  11  22:17  Drone  
  11  22:20  Drone  
  13  22:24  Zergling x2  
  13  22:26  Drone  
  13  22:27  Zergling x2  
  13  22:29  Zergling x2, Drone  
  18  22:33  Zergling x2, Drone  
  18  22:35  Zergling x2  
  18  22:36  Drone  
  22  22:37  Zergling x2, Spore Crawler  
  22  22:39  Drone  
  22  22:44  Zergling x2  
  22  22:45  Drone  
  22  22:48  Drone  
  22  22:50  Spore Crawler  
  22  22:52  Drone  
  22  22:53  Zergling x2  
  22  22:55  Baneling Nest, Drone  
  22  22:56  Lair, Overlord, Zergling x2  
  22  22:58  Zergling x2, Unknown  
  18  23:06  Drone  
  18  23:10  Drone  
  18  23:14  Drone  
  18  23:15  Zergling x2, Overlord  
  18  23:18  Drone  
  19  23:21  Evolution Chamber  
  19  23:22  Drone  
  19  23:25  Drone  
  18  23:28  Drone  
  18  23:39  Spawning Pool  
  15  23:44  Baneling  
  14  23:52  Overlord  
  14  23:57  Drone  
  14  24:00  Drone  
  12  24:03  Drone  
  13  24:12  Hatchery  
  1  24:24  Overlord  
  1  24:32  Drone  
  1  24:36  Drone  
  3  24:39  Drone  
  4  24:49  Unknown  
  4  24:50  Overlord  
  3  25:05  Hatchery  
  2  25:07  Drone  
  2  25:12  Spawning Pool  
  2  25:15  Drone  
  2  25:18  Evolution Chamber  
  2  25:24  Drone  
  3  25:29  Drone  
  3  25:34  Drone  
  5  25:40  Drone  
  6  25:45  Drone  
  7  25:50  Drone  
  7  25:55  Overlord  
  8  25:59  Queen  
  8  26:00  Zergling x2  
  8  26:01  Drone  
  8  26:04  Lair, Roach Warren  
  11  26:06  Drone  
  12  26:12  Drone  
  12  26:17  Drone  
  14  26:20  Drone  
  14  26:23  Drone  
  16  26:25  Spore Crawler  
  16  26:28  Drone  
  16  26:31  Drone  
  17  26:33  Overlord  
  17  26:39  Drone  
  18  26:42  Drone  
  18  26:45  Roach  
  21  26:50  Drone, Roach  
  24  26:55  Drone  
  24  27:00  Drone  
  24  27:01  Roach, Spore Crawler  
  28  27:02  Overseer  
  28  27:03  Overseer  
  28  27:06  Hydralisk Den, Roach  
  28  27:11  Roach  
  28  27:12  Drone  
  31  27:16  Drone  
  31  27:18  Overseer  
  31  27:21  Drone  
  31  27:22  Overlord  
  33  27:27  Roach  
  35  27:33  Drone, Roach  
  38  27:37  Drone  
  38  27:40  Overlord, Drone, Roach  
  38  27:44  Drone, Roach  
  44  27:47  Drone, Hydralisk  
  44  27:50  Drone  
  48  27:54  Roach  
  48  27:57  Hydralisk  
  51  27:59  Drone  
  51  28:04  Overlord  
  52  28:06  Roach  
  52  28:08  Drone  
  52  28:10  Roach  
  57  28:14  Roach  
  57  28:18  Roach  
  61  28:20  Hydralisk  
  61  28:23  Overlord  
  61  28:24  Hydralisk  
  63  28:28  Hydralisk  
  63  28:29  Drone  
  63  28:31  Hydralisk  
  63  28:32  Drone  
  67  28:35  Drone  
  67  28:37  Roach  
  67  28:40  Roach, Drone, Infestation Pit  
  72  28:44  Overlord, Drone  
  72  28:47  Drone  
  74  28:50  Drone  
  74  28:53  Drone  
  76  28:56  Drone  
  76  29:00  Drone  
  78  29:03  Drone  
  78  29:04  Overlord  
  78  29:06  Drone  
  78  29:09  Drone  
  81  29:10  Zerg Melee Weapons Level 2  
  81  29:12  Drone  
  82  29:17  Drone  
  82  29:18  Infestor, Hive  
  86  29:24  Drone  
  86  29:27  Overlord, Drone  
  86  29:30  Drone  
  88  29:33  Drone  
  88  29:36  Drone  
  90  29:39  Drone  
  90  29:40  Zerg Ground Armor Level 2  
  90  29:45  Drone  
  91  29:53  Drone  
  91  29:56  Drone  
  91  29:58  Overlord  
  91  29:59  Drone  
  94  30:02  Drone  
  94  30:05  Drone  
  96  30:08  Drone  
  97  30:17  Spire  
  96  30:27  Baneling Nest  
  96  30:28  Drone  
  96  30:30  Queen  
  96  30:33  Spore Crawler  
  96  30:34  Queen  
  96  30:35  Drone  
  100  30:37  Queen  
  100  30:38  Spore Crawler  
  100  30:40  Hatchery  
  100  30:41  Drone  
  100  30:42  Overlord  
  101  30:43  Spore Crawler  
  101  30:44  Drone  
  101  30:48  Drone, Spore Crawler  
  101  30:51  Drone  
  101  30:53  Spine Crawler  
  101  30:55  Drone  
  102  31:00  Spine Crawler  
  102  31:01  Drone  
  102  31:05  Ultralisk Cavern  
  102  31:06  Drone  
  102  31:11  Spine Crawler  
  101  31:12  Drone  
  101  31:15  Spine Crawler  
  101  31:16  Drone  
  102  31:21  Spine Crawler  
  102  31:23  Drone  
  102  31:25  Spine Crawler  
  102  31:26  Zerg Missile Weapons Level 2, Drone  
  102  31:30  Greater Spire  
  102  31:44  Overlord  
  102  31:54  Ultralisk  
  108  31:56  Zerg Melee Weapons Level 3  
  108  31:58  Spore Crawler  
  107  32:01  Spore Crawler  
  107  32:03  Overlord  
  107  32:04  Ultralisk  
  107  32:07  Drone, Spore Crawler  
  112  32:14  Ultralisk  
  117  32:18  Drone  
  117  32:22  Overlord, Drone  
  111  32:24  Zergling x2  
  111  32:25  Drone  
  111  32:27  Queen  
  93  32:34  Overseer, Hydralisk  
  93  32:35  Overseer  
  93  32:36  Spine Crawler  
  83  32:39  Spine Crawler, Drone  
  83  32:42  Drone  
  83  32:43  Zerg Flyer Armor Level 1  
  84  32:45  Hydralisk  
  84  32:47  Spire  
  84  32:48  Drone  
  85  32:52  Drone, Unknown  
  85  32:55  Hydralisk  
  85  32:56  Unknown  
  86  32:58  Drone  
  86  33:05  Hydralisk  
  87  33:16  Ultralisk  
  93  33:26  Ultralisk  
  99  33:37  Ultralisk  
  105  33:42  Zerg Ground Armor Level 3  
  105  33:59  Zerg Flyer Weapons Level 1  
  105  34:33  Zerg Missile Weapons Level 3  
  105  34:40  Zerg Flyer Armor Level 2  
  105  35:43  Zergling x2, Overlord  
  105  35:45  Zergling x2  
  105  35:47  Mutalisk  
  105  35:49  Mutalisk  
  109  35:53  Zergling x2, Metabolic Boost  
  109  35:56  Zergling x2, Zerg Flyer Weapons Level 2  
  113  35:58  Zergling x2  
  113  36:01  Baneling x2, Mutalisk  
  113  36:02  Overlord  
  113  36:04  Mutalisk  
  116  36:07  Baneling  
  116  36:08  Baneling  
  116  36:09  Zergling x2, Centrifical Hooks  
  119  36:12  Zergling x2  
  119  36:15  Zergling x2  
  119  36:18  Zergling x2  
  122  36:20  Zergling x2  
  122  36:23  Zergling x2, Overlord  
  124  36:25  Zergling x2  
  124  36:28  Zergling x2  
  124  36:30  Mutalisk  
  128  36:34  Mutalisk  
  128  36:37  Mutalisk  
  132  36:40  Mutalisk  
  132  36:42  Viper  
  132  36:43  Overlord  
  132  36:45  Baneling  
  137  36:53  Baneling  
  137  36:54  Zergling x2  
  138  37:02  Overlord  
  136  37:40  Baneling  
  136  37:41  Baneling  
  136  37:42  Baneling, Zergling x2  
  137  37:50  Hatchery  
  137  37:51  Drone  
  137  38:09  Zergling x2  
  137  38:13  Baneling x2  
  137  38:15  Zergling x2  
  137  38:17  Baneling  
  137  38:49  Zergling x2  
  137  39:04  Roach  
  137  39:09  Roach  
  133  39:13  Roach  
  133  39:15  Queen  
  126  39:18  Roach  
  126  39:23  Roach  
  130  39:25  Overlord  
  130  39:27  Roach  
  132  39:31  Hydralisk  
  132  39:35  Hydralisk  
  134  39:39  Infestor  
  134  39:45  Overlord  
  127  40:27  Hatchery  
  125  41:13  Overlord  
  120  41:42  Drone  
  120  41:44  Queen  
  120  41:45  Drone  
  124  41:48  Drone  
  124  41:52  Drone  
  126  42:07  Spore Crawler  
  125  42:08  Drone  
  125  42:13  Mutalisk  
  125  42:15  Viper  
  128  42:16  Overlord  
  128  42:20  Zerg Flyer Armor Level 3, Zerg Flyer Weapons Level 3  
  131  42:23  Corruptor  
  133  42:35  Viper, Mutalisk  
  133  42:36  Overlord  
  138  42:45  Mutalisk  
  140  42:56  Corruptor  
  140  42:57  Overlord  
  142  43:01  Unknown  
  141  43:17  Infestor  
  141  43:18  Spore Crawler  
  140  43:23  Unknown  
  140  43:25  Ultralisk  
  136  43:36  Overseer  
  130  43:45  Overseer, Drone  
  121  43:49  Drone  
  121  43:53  Brood Lord, Corruptor  
  94  44:04  Brood Lord, Corruptor, Spine Crawler  
  94  44:05  Drone  
  94  44:07  Spine Crawler  
  94  44:08  Drone  
  92  44:28  Brood Lord, Corruptor  
  96  44:31  Hatchery  
  96  44:36  Overseer  
  92  45:24  Queen  
  92  45:28  Hydralisk  
  88  45:35  Hydralisk  
  74  45:36  Overseer  
  74  45:37  Drone  
  74  45:40  Drone  
  74  45:43  Zergling x2  
  74  45:44  Drone  
  74  45:47  Drone  
  77  45:50  Roach  
  77  45:51  Drone  
  77  45:54  Drone  
  81  45:57  Drone, Mutalisk  
  81  46:00  Drone  
  81  46:03  Drone  
  80  46:05  Hydralisk  
  80  46:06  Drone  
  80  46:09  Drone  
  62  46:13  Zergling x2, Drone  
  62  46:16  Drone  
  60  46:19  Drone  
  60  46:20  Roach  
  60  46:22  Drone  
  60  46:25  Queen  
  61  46:27  Mutalisk  
  61  46:28  Drone  
  61  46:31  Drone  
  51  46:32  Unknown  
  51  46:34  Drone, Mutalisk  
  51  46:37  Drone  
  38  46:40  Overseer, Drone, Spore Crawler  
  38  46:41  Overseer, Hydralisk  
  38  46:43  Overseer, Drone  
  38  46:44  Overlord  
  38  46:45  Spore Crawler  
  38  46:46  Drone  
  38  46:50  Drone  
  38  46:52  Spine Crawler  
  38  46:53  Drone  
  39  46:56  Drone  
  36  47:03  Overlord  
  24  47:23  Overlord  
  21  47:37  Drone  
  21  47:41  Drone  
  21  47:42  Overlord  
  23  47:44  Drone  
  23  47:47  Drone  
  23  47:50  Drone  
  23  47:55  Overlord  
  23  47:58  Hatchery  
  18  48:00  Drone  
  18  48:03  Drone  
  6  48:05  Drone  
  6  48:08  Drone  
  6  48:11  Drone  
  5  48:13  Overlord  
  5  48:14  Overlord  
  5  48:15  Drone  
    49:10  Overlord  
    49:21  Drone  
Show
View Real Time Build Order
Export as new Build Order

TATORREA Protoss 

Build Orders:  

Get SALT Encoding   

  12  0:03  Probe  
  13  0:15  Probe  
  13  0:18  Pylon  
  14  0:27  Probe  
  15  0:39  Probe  
  16  0:43  Gateway x2  
  16  0:49  Unknown  
  16  0:52  Probe  
  17  1:02  Pylon  
  17  1:04  Probe  
  18  1:09  Unknown  
  18  1:15  Gateway  
  18  1:16  Probe  
  18  1:17  Gateway  
  19  1:28  Probe  
  20  1:33  Cybernetics Core  
  20  1:37  Pylon  
  20  1:40  Pylon, Probe  
  20  1:45  Zealot (Chrono Boost)  
  23  1:49  Zealot (Chrono Boost)  
  23  1:52  Probe  
  26  2:02  Forge  
  26  2:10  Adept x2  
  26  2:11  Adept  
  26  2:14  Warp Gate  
  32  2:18  Adept  
  32  2:21  Probe  
  35  2:30  Twilight Council  
  35  2:34  Protoss Ground Weapons Level 1 (Chrono Boost)  
  35  3:00  Adept x4  
  35  3:03  Resonating Glaives (Chrono Boost)  
  43  3:28  Probe  
  44  3:40  Probe  
  39  3:52  Probe  
  34  4:04  Stalker, Probe  
  34  4:05  Stalker x3  
  43  4:15  Nexus  
  43  4:16  Probe  
  43  4:17  Pylon  
  44  4:20  Pylon  
  44  4:27  Robotics Facility  
  44  4:28  Gateway  
  44  4:32  Gateway  
  44  4:36  Charge  
  40  5:30  Probe  
  40  5:31  Probe  
  42  5:35  Unknown  
  42  5:42  Gateway  
  42  5:43  Probe x2  
  42  5:46  Gateway  
  42  5:48  Gateway  
  44  5:55  Probe x2  
  46  6:07  Probe x2  
  48  6:19  Probe x2  
  50  6:31  Probe x2  
  52  6:42  Nexus  
  52  6:43  Pylon, Probe x2  
  52  6:46  Pylon  
  54  6:55  Probe x2  
  54  6:56  Gateway x2  
  54  6:58  Pylon x2  
  56  7:02  Pylon, Templar Archives  
  56  7:06  Protoss Ground Weapons Level 2 (Chrono Boost)  
  56  7:07  Probe x2  
  58  7:13  Stalker  
  58  7:14  Stalker x2  
  58  7:15  Stalker x3  
  70  7:16  Stalker x3  
  70  7:19  Probe  
  70  7:20  Probe, Blink  
  78  7:31  Probe  
  78  7:32  Probe  
  78  7:33  Immortal (Chrono Boost)  
  84  7:44  Probe x2  
  86  7:45  Stalker x4  
  86  7:47  Stalker  
  96  7:56  Probe x2  
  98  8:04  Immortal  
  102  8:06  Assimilator  
  102  8:07  Assimilator  
  100  8:35  Stalker x2, Immortal  
  100  8:36  Stalker x4  
  100  8:37  Stalker x4  
  100  8:38  Stalker  
  122  8:42  Psionic Storm  
  122  8:46  Probe x2  
  128  9:09  Gateway  
  128  9:10  Gateway  
  128  9:11  Gateway  
  128  9:14  Immortal  
  128  9:15  Gateway  
  132  9:39  Pylon  
  132  9:40  Nexus  
  132  9:43  Pylon  
  132  10:08  Pylon  
  132  10:11  Probe x2  
  132  10:12  Pylon, Probe  
  135  10:17  Pylon  
  135  10:23  Probe x2  
  135  10:24  Probe  
  135  10:25  Pylon  
  135  10:27  Unknown  
  138  10:28  Pylon  
  138  10:34  Immortal  
  142  10:36  Unknown  
  142  10:39  High Templar x3  
  142  10:40  High Templar x6  
  142  10:41  High Templar x4  
  142  10:42  High Templar x2  
  172  10:45  Archon x2  
  172  10:46  Archon  
  172  10:47  Archon x3  
  172  10:48  Archon  
  172  10:53  Protoss Ground Weapons Level 3 (Chrono Boost)  
  172  11:13  Immortal  
  176  11:26  Probe  
  177  11:33  Zealot  
  177  11:34  Zealot x4  
  177  11:35  Zealot x4  
  177  11:36  Zealot x4  
  201  12:23  Immortal  
  201  12:42  Pylon  
  201  12:45  Pylon  
  201  12:48  Pylon  
  201  12:51  Pylon  
  201  12:55  Pylon  
  201  13:00  Pylon  
  201  13:03  Immortal, Nexus  
  201  13:04  Pylon  
  205  13:06  Pylon  
  205  13:30  Stargate x2  
  205  13:34  Stargate  
  205  13:37  Stargate x2  
  205  13:42  Immortal  
  209  13:50  Stargate  
  209  13:51  Stargate  
  209  13:56  Protoss Shields Level 1  
  209  14:14  Protoss Air Weapons Level 1  
  209  14:21  Gateway  
  209  14:23  Gateway  
  209  14:25  Gateway  
  209  14:27  Gateway  
  209  14:30  Gateway  
  209  14:32  Gateway  
  209  14:35  Gateway  
  209  14:40  Gateway  
  209  14:43  Gateway  
  209  14:45  Gateway  
  209  14:50  Gateway  
  205  14:54  Gateway  
  205  14:57  Gateway  
  204  15:00  Gateway  
  204  15:05  Gateway  
  204  15:06  Gateway  
  198  15:10  Gateway  
  198  15:12  Gateway  
  194  15:16  Gateway  
  194  15:20  Stalker x4  
  194  15:21  Stalker x4  
  201  15:22  Stalker x3  
  201  15:23  Stalker  
  201  15:24  Stalker x2  
  201  15:25  Stalker  
  214  15:48  Void Ray x7  
  242  16:16  Fleet Beacon  
  242  16:22  Cybernetics Core  
  242  16:31  Void Ray x7  
  270  16:34  Probe x2  
  270  16:35  Protoss Air Armor Level 1 (Chrono Boost), Probe x2  
  274  16:45  Probe  
  274  16:46  Probe x2  
  277  16:47  Probe x2  
  279  16:57  Probe  
  279  16:59  Probe x2  
  282  17:09  Probe  
  283  17:18  Unknown  
  283  17:21  Unknown  
  283  17:25  Pylon  
  283  17:26  Probe  
  283  17:34  Unknown  
  283  17:48  Void Ray, Probe x4  
  283  17:49  Void Ray, Protoss Air Weapons Level 2 (Chrono Boost)  
  283  17:50  Void Ray  
  283  17:51  Void Ray x2  
  265  17:52  Void Ray  
  265  17:53  Void Ray  
  221  17:59  Zealot  
  221  18:00  Probe x2, Zealot x2  
  221  18:01  Zealot x4  
  221  18:02  Zealot x2  
  221  18:03  Zealot x3  
  237  18:07  Zealot  
  237  18:08  Zealot x2  
  237  18:09  Zealot x3  
  237  18:10  Zealot x2  
  237  18:11  Zealot x2  
  237  18:12  Zealot x4  
  216  18:13  Zealot x2  
  216  18:14  Zealot  
  138  18:31  Void Ray  
  138  18:34  Void Ray, Zealot  
Show
View Real Time Build Order
Export as new Build Order

Player 4 Terran 

Build Orders:  

Get SALT Encoding   

  12  0:01  SCV  
  13  0:13  SCV  
  14  0:16  Supply Depot  
  14  0:25  SCV  
  15  0:37  SCV  
  15  0:41  Refinery  
  16  0:44  Barracks  
  17  0:50  SCV  
  17  1:02  SCV  
  17  1:04  Supply Depot  
  18  1:20  Barracks  
  18  1:26  Refinery  
  18  1:31  Marine  
  19  1:46  Factory  
  19  1:48  Orbital Command  
  19  1:49  Marine  
  20  2:02  Supply Depot  
  20  2:06  Marine  
  20  2:07  Barracks Tech Lab  
  21  2:24  Marine  
  22  2:37  Marine  
  22  2:44  Supply Depot  
  23  2:50  SCV  
  24  2:52  Marine  
  25  3:01  Engineering Bay  
  25  3:02  SCV  
  26  3:08  Marauder  
  28  3:14  SCV  
  29  3:23  Hellion  
  29  3:26  SCV  
  32  3:29  Supply Depot  
  32  3:38  SCV  
  32  3:39  Marauder  
  35  3:50  SCV  
  35  3:54  Hellion  
  38  4:16  Hellion  
  40  4:37  Hellion  
  42  7:03  Barracks Tech Lab  
  42  7:04  SCV  
  42  7:05  Marine  
  44  7:10  Factory  
  44  7:12  Command Center  
  44  7:16  SCV  
  36  7:23  Marine, Starport  
  36  7:24  Factory Tech Lab  
  36  7:28  SCV  
  36  7:29  Marauder  
  31  7:34  Supply Depot  
  31  7:40  SCV, Missile Turret  
  31  7:42  Marauder  
  33  7:50  Missile Turret  
  35  7:58  Hellion, SCV  
  28  8:01  Starport Tech Lab  
  28  8:15  Armory  
  28  8:16  SCV  
  29  8:25  SCV  
  26  8:29  SCV  
  20  8:41  Missile Turret  
  8  8:56  SCV  
  6  9:08  SCV  
  5  9:12  Missile Turret  
  5  9:20  SCV, Unknown  
  5  9:32  SCV  
  5  9:33  Command Center  
  6  9:41  Supply Depot  
  6  9:44  SCV  
  7  9:49  Engineering Bay  
  5  9:56  SCV  
Show
View Real Time Build Order
Export as new Build Order

tigro Terran 

Build Orders:  

Get SALT Encoding   

  12  0:16  SCV  
  13  0:24  Supply Depot  
  13  0:28  SCV  
  14  0:40  SCV  
  15  0:52  SCV  
  15  0:54  Unknown  
  15  0:56  Barracks  
  16  0:59  Unknown  
  16  1:05  SCV  
  17  1:17  SCV  
  18  1:25  Supply Depot  
  18  1:29  SCV  
  19  1:41  SCV  
  19  1:44  Marine  
  21  1:49  Supply Depot  
  21  1:50  Barracks  
  21  1:53  SCV  
  22  2:01  Marine  
  22  2:05  SCV  
  24  2:17  SCV  
  24  2:19  Marine  
  24  2:21  Engineering Bay  
  26  2:36  SCV  
  27  2:37  Marine  
  27  2:40  Factory  
  28  2:53  Barracks Tech Lab  
  28  2:55  Marine  
  29  2:59  Terran Infantry Weapons Level 1  
  29  3:00  Command Center  
  29  3:06  Orbital Command  
  29  3:13  Combat Shield  
  29  3:19  Barracks Reactor  
  29  3:24  Factory Tech Lab  
  29  3:32  Starport  
  29  3:45  Siege Tank  
  32  4:09  Starport  
  32  4:16  Unknown  
  32  4:17  Siege Tank  
  35  4:32  Stimpack  
  35  4:34  SCV  
  36  4:46  SCV  
  36  4:52  Medivac x2  
  41  4:53  Terran Infantry Armor Level 1  
  41  4:58  SCV  
  42  5:04  Armory  
  42  5:10  SCV  
  42  5:12  Marine x2, Unknown  
  42  5:13  Marine  
  46  5:23  SCV  
  46  5:25  Starport Tech Lab x2  
  47  5:30  Marine x3  
  47  5:35  SCV  
  51  5:47  SCV  
  51  5:48  Marine x3  
  55  5:51  Fusion Core  
  55  5:53  Terran Vehicle Weapons Level 1  
  55  5:59  SCV  
  55  6:01  Thor  
  62  6:06  Marine x3  
  66  6:11  SCV  
  66  6:23  SCV  
  66  6:24  Marine  
  68  6:35  SCV  
  69  6:47  Missile Turret, Neosteel Armor  
  69  7:03  SCV  
  70  7:09  Missile Turret  
  70  7:10  Thor  
  76  7:15  SCV  
  77  7:28  SCV  
  74  7:33  Missile Turret  
  74  7:40  SCV  
  75  7:47  Terran Vehicle And Ship Armor Level 1  
  75  7:52  SCV  
  75  7:54  Missile Turret  
  74  8:27  Hi-Sec Auto Tracking, Missile Turret  
  74  8:31  Marine x3  
  77  8:49  Marine  
  78  8:55  Missile Turret  
  78  9:18  Missile Turret  
  78  9:21  Marine x2  
  78  9:23  Command Center  
  78  9:24  Terran Infantry Weapons Level 2  
  78  9:28  Weapon Refit  
  78  9:41  Terran Ship Weapons Level 1  
  78  9:43  Supply Depot  
  78  10:04  Marine x2  
  78  10:05  Battlecruiser  
  78  10:06  Supply Depot  
  86  10:28  Marine x2, Battlecruiser  
  94  10:29  Supply Depot  
  94  10:32  Unknown  
  94  10:34  Thor, Marine  
  101  10:37  Unknown  
  101  10:45  Marine  
  102  10:52  Supply Depot, Marine  
  103  11:08  Rapid Reignition System  
  103  11:09  Medivac  
  105  11:15  Supply Depot  
  105  11:24  Missile Turret  
  105  11:32  Medivac  
  107  11:35  Terran Vehicle Weapons Level 2  
  107  11:39  Battlecruiser, Terran Infantry Armor Level 2  
  113  11:44  Missile Turret  
  113  12:02  Battlecruiser  
  119  12:32  Missile Turret  
  119  12:33  Missile Turret  
  119  12:43  Battlecruiser  
  125  12:52  Missile Turret  
  125  12:54  Missile Turret  
  125  13:06  Battlecruiser  
  131  13:12  Missile Turret  
  131  13:15  Missile Turret  
  131  13:27  Supply Depot  
  131  13:36  Missile Turret  
  131  13:48  Battlecruiser  
  131  13:50  Supply Depot, Missile Turret, Terran Vehicle And Ship Armor Level 2  
  137  13:55  Terran Infantry Weapons Level 3  
  137  14:11  Battlecruiser, Missile Turret  
  137  14:13  Supply Depot  
  143  14:36  Supply Depot  
  143  14:53  Battlecruiser  
  143  14:59  Supply Depot  
  145  15:00  Marine x3  
  147  15:16  Battlecruiser  
  147  15:17  Marine  
  147  15:18  Marine x2  
  154  15:35  Marine  
  147  15:57  Battlecruiser  
  153  16:06  Terran Ship Weapons Level 2  
  153  16:20  Battlecruiser  
  158  17:01  Battlecruiser  
  164  17:24  Battlecruiser  
  169  18:52  Supply Depot  
  169  19:13  Battlecruiser x2  
  169  19:14  Supply Depot  
  181  19:38  Supply Depot  
  181  20:02  Supply Depot  
  180  20:18  Battlecruiser x2  
  179  20:59  Command Center  
  179  21:05  Unknown  
  179  21:11  Unknown  
  179  21:22  Battlecruiser x2  
  187  22:26  Battlecruiser x2  
  174  23:30  Battlecruiser x2  
  186  23:57  Unknown  
  186  24:04  Unknown  
  186  24:35  Battlecruiser x2  
  195  25:39  Battlecruiser x2  
  205  25:50  SCV  
  206  26:03  SCV  
  207  26:15  SCV  
  208  26:27  SCV  
  209  26:39  SCV  
  202  26:43  Battlecruiser x2  
  197  27:36  Orbital Command  
  197  27:47  Battlecruiser  
  203  28:41  Terran Vehicle Weapons Level 3  
  203  31:01  Unknown  
  203  31:10  Unknown  
  203  31:18  Terran Vehicle And Ship Armor Level 3  
  203  31:19  Unknown  
  203  33:17  Battlecruiser x2  
  101  33:28  Marine x3  
  50  33:46  Marine x3  
  53  33:55  Terran Ship Weapons Level 3  
  37  34:03  Marine  
  37  34:04  Marine x2  
  37  34:21  Marine, Battlecruiser  
  37  34:22  Marine x2, Battlecruiser  
  37  34:39  Marine  
  37  35:25  Battlecruiser  
  37  35:26  Battlecruiser  
  37  36:29  Battlecruiser  
  37  36:30  Battlecruiser  
  37  37:34  Battlecruiser x2  
Show
View Real Time Build Order
Export as new Build Order

Player 6 Terran 

Build Orders:  

Get SALT Encoding   

  12  0:01  SCV  
  13  0:13  SCV  
  14  0:15  Supply Depot  
  14  0:25  SCV  
  15  0:37  Unknown  
  15  0:38  SCV  
  15  0:39  Barracks  
  15  0:40  Unknown  
  16  0:50  SCV  
  17  1:02  SCV  
  18  1:07  Supply Depot  
  18  1:24  Barracks  
  18  1:26  Marine  
  18  1:28  Orbital Command  
  19  1:44  Marine  
  19  1:46  Factory  
  20  2:05  Marine  
  20  2:06  Supply Depot  
  21  2:12  Barracks Tech Lab  
  21  2:23  Marine  
  22  2:35  Marine  
  23  2:37  Supply Depot  
  23  2:43  SCV  
  24  2:51  Marine  
  25  2:52  Engineering Bay  
  25  2:55  SCV  
  26  3:07  Marauder, SCV  
  29  3:19  SCV  
  30  3:22  Supply Depot, Hellion  
  32  3:31  SCV  
  33  3:43  SCV  
  33  3:44  Hellion  
  36  3:54  Marauder  
  38  4:09  Hellion  
  40  4:31  Hellion  
  42  6:58  Barracks Tech Lab  
  42  7:03  Factory, SCV, Widow Mine  
  42  7:07  Command Center  
  45  7:11  Supply Depot  
  45  7:15  SCV  
  45  7:16  Marine  
  45  7:19  Missile Turret  
  47  7:26  Missile Turret  
  47  7:28  Marine  
  48  7:33  SCV  
  49  7:38  Sensor Tower  
  49  7:42  Armory, Widow Mine  
  51  7:45  SCV  
  51  7:49  Starport  
  52  7:58  Barracks  
  52  8:04  Supply Depot  
  52  8:13  Bunker  
  52  8:17  Marine  
  40  8:20  Factory Tech Lab  
  40  8:21  SCV  
  40  8:25  SCV  
  37  8:28  Unknown  
  37  8:31  Marine  
  37  8:33  Missile Turret, SCV  
  39  8:37  SCV  
  39  8:40  Missile Turret  
  40  8:43  Unknown  
  40  8:44  Marine  
  40  8:45  SCV  
  40  8:47  Missile Turret  
  42  8:49  SCV  
  42  8:50  Factory Tech Lab  
  42  8:52  Starport Tech Lab  
  42  8:55  Barracks Reactor  
  43  8:57  Marine, SCV  
  43  9:01  SCV  
  46  9:07  Bunker  
  47  9:10  Marauder, SCV  
  47  9:12  Raven  
  47  9:13  SCV  
  52  9:22  SCV  
  52  9:23  Marine  
  54  9:25  SCV  
  55  9:34  SCV  
  55  9:36  Marine  
  57  9:49  Marauder  
  59  9:55  Raven  
  61  10:01  Siege Tank  
  64  10:14  Siege Tank  
  60  10:29  Marauder  
  53  10:38  Viking  
  52  10:44  Hellion  
  52  10:49  Sensor Tower  
  50  10:50  SCV  
  46  10:57  Marauder  
  46  10:59  SCV  
  44  11:04  SCV  
  44  11:08  Viking  
  41  11:12  SCV  
  41  11:16  Hellion, SCV  
  42  11:22  Missile Turret  
  42  11:24  SCV  
  42  11:25  Marauder  
  42  11:30  SCV  
  42  11:31  Missile Turret  
  40  11:36  SCV  
  40  11:38  Viking  
  33  11:40  Marauder  
  33  11:45  Missile Turret  
  29  11:48  Hellion, SCV  
  29  11:53  Marine  
  23  12:00  Marine, SCV  
  24  12:04  SCV  
  24  12:05  Siege Tank  
  26  12:13  Fusion Core  
  24  12:15  SCV  
  24  12:16  Marine, SCV  
  27  12:27  SCV  
  28  12:30  SCV  
  28  12:36  Missile Turret  
  24  12:39  SCV  
  16  12:52  SCV  
Show
View Real Time Build Order
Export as new Build Order

Player 7 Zerg 

Build Orders: Hatch First 

Get SALT Encoding   

  12  0:02  Drone  
  13  0:11  Overlord  
  13  0:14  Drone  
  14  0:30  Drone  
  14  0:33  Drone  
  16  0:36  Drone  
  16  0:41  Hatchery  
  16  0:44  Drone  
  17  0:58  Spawning Pool, Drone  
  17  1:03  Unknown  
  16  1:04  Unknown  
  16  1:06  Drone  
  16  1:17  Drone  
  17  1:27  Drone  
  18  1:38  Overlord  
  18  1:46  Queen  
  20  1:49  Zergling x2, Roach Warren  
  20  1:53  Drone  
  21  2:00  Zergling x2  
  22  2:22  Overlord  
  22  2:25  Drone  
  22  2:28  Drone  
  26  2:30  Roach x2  
  26  2:32  Roach  
  30  2:40  Baneling Nest, Roach  
  31  2:44  Drone  
  31  2:48  Evolution Chamber  
  31  2:51  Drone  
  32  2:54  Drone  
  32  2:57  Drone  
  34  2:59  Lair  
  34  3:00  Drone  
  35  3:15  Drone  
  36  3:28  Overlord  
  36  3:34  Drone  
  36  3:37  Drone  
  36  3:41  Drone  
  39  3:44  Drone  
  39  3:46  Roach  
  39  3:47  Drone  
  43  3:51  Overlord  
  43  3:53  Drone  
  44  3:56  Drone  
  44  3:59  Drone, Infestation Pit  
  44  4:02  Hydralisk Den  
  44  4:03  Drone  
  44  4:04  Roach  
  44  4:06  Drone  
  44  4:09  Drone  
  49  4:13  Drone  
  49  4:15  Overlord  
  49  4:16  Drone  
  51  4:20  Drone  
  51  4:23  Roach  
  51  4:24  Drone  
  55  4:26  Drone  
  56  4:34  Drone  
  56  4:35  Overlord  
  56  4:38  Drone  
  58  4:40  Hydralisk  
  58  4:42  Drone  
  58  4:43  Overseer  
  58  4:44  Overseer  
  60  4:54  Overlord  
  60  4:57  Queen, Spore Crawler  
  60  4:59  Roach  
  63  5:01  Drone  
  63  5:04  Queen  
  63  5:06  Spore Crawler  
  65  5:09  Drone  
  65  5:13  Spore Crawler  
  65  5:16  Drone  
  65  5:17  Infestor  
  68  5:21  Spore Crawler  
  68  5:23  Drone  
  68  5:25  Spire  
  67  5:28  Drone  
  67  5:31  Evolution Chamber  
  67  5:34  Drone  
  68  5:38  Hydralisk  
  69  5:43  Spine Crawler  
  69  5:45  Drone  
  69  5:55  Spine Crawler  
  68  5:57  Infestor  
  68  6:01  Drone  
  68  6:03  Spine Crawler  
  70  6:06  Drone  
  71  6:13  Spine Crawler  
  71  6:14  Drone  
  71  6:15  Hydralisk  
  72  6:29  Unknown  
  72  6:31  Drone  
  72  6:32  Unknown  
  71  6:35  Hydralisk  
  71  6:38  Drone  
  73  6:54  Drone  
  73  6:57  Hatchery  
  73  6:59  Overlord, Drone  
  74  7:02  Drone  
  74  7:06  Drone  
  76  7:10  Drone  
  76  7:14  Drone  
  78  7:18  Drone  
  79  9:45  Mutalisk  
  79  9:48  Overlord  
  79  9:51  Zergling x2  
  82  9:57  Mutalisk  
  82  9:59  Overseer  
  84  10:00  Pneumatized Carapace  
  84  10:02  Mutalisk  
  84  10:05  Zerg Melee Weapons Level 1  
  86  10:11  Zerg Ground Armor Level 1  
  86  10:12  Zergling x2  
  87  10:14  Overlord  
  87  10:19  Zergling x2  
  88  10:21  Metabolic Boost  
  88  10:27  Zergling x2  
  88  10:32  Burrow  
  88  10:35  Baneling  
  87  10:39  Baneling  
  87  10:41  Mutalisk  
  87  10:42  Overlord  
  89  10:46  Hive  
  89  10:48  Mutalisk  
  91  10:50  Hatchery  
  91  10:51  Overseer  
  91  10:56  Mutalisk  
  92  11:04  Zergling x2, Overlord  
  93  11:10  Zergling x2  
  92  11:17  Zergling x2  
  93  11:22  Baneling  
  93  11:25  Baneling  
  91  11:26  Zergling x2  
  91  11:29  Centrifical Hooks  
  92  11:59  Zerg Missile Weapons Level 1  
  92  12:01  Viper  
  92  12:05  Ultralisk Cavern  
  92  12:07  Drone  
  95  12:10  Drone  
  95  12:14  Overseer  
  96  12:16  Drone  
  96  12:18  Overlord  
  96  12:22  Overseer  
  92  12:24  Queen  
  92  12:26  Drone, Unknown  
  92  12:29  Drone  
  80  12:30  Spore Crawler  
  80  12:33  Drone  
  80  12:36  Drone  
  81  12:37  Unknown  
  81  12:39  Drone  
  81  12:43  Drone  
  82  12:46  Drone  
  82  12:48  Spore Crawler  
  82  12:49  Greater Spire  
  82  12:50  Drone  
  83  12:53  Drone  
  83  12:57  Drone  
  85  13:20  Spine Crawler  
  85  13:22  Drone  
  85  13:27  Spine Crawler  
  84  13:28  Drone  
  85  13:35  Roach  
  85  13:41  Overlord  
  87  13:42  Hydralisk  
  88  13:51  Roach  
  88  13:52  Zerg Melee Weapons Level 2  
  90  13:59  Zerg Ground Armor Level 2, Roach  
  90  14:02  Overlord  
  92  14:05  Zerg Flyer Weapons Level 1  
  92  14:06  Hydralisk  
  92  14:08  Spire  
  92  14:13  Infestor  
  94  14:21  Ultralisk  
  94  14:22  Viper  
  94  14:23  Overlord  
  103  14:25  Drone  
  103  14:28  Roach  
  106  14:35  Roach  
  108  14:42  Roach  
  108  14:43  Overlord  
  110  14:50  Hydralisk  
  104  14:58  Hydralisk  
  104  15:05  Infestor  
  106  15:14  Ultralisk  
  112  15:20  Ultralisk  
  118  15:27  Corruptor  
  120  15:31  Zerg Flyer Armor Level 1  
  120  15:34  Zergling x2  
  109  15:53  Viper  
  109  15:54  Overlord  
  109  15:55  Overseer  
  109  16:01  Zerg Flyer Weapons Level 2  
  109  16:03  Overseer  
  109  16:07  Zerg Missile Weapons Level 2  
  109  16:14  Overlord  
  109  16:15  Zerg Melee Weapons Level 3  
  109  16:34  Hatchery  
  109  16:35  Drone  
  109  17:27  Zerg Flyer Armor Level 2  
  109  17:50  Queen  
  111  17:52  Ultralisk  
  111  17:55  Overlord  
  111  17:57  Unknown  
  116  17:59  Drone  
  116  18:02  Spore Crawler  
  116  18:03  Ultralisk  
  116  18:04  Drone  
  123  18:09  Spore Crawler  
  123  18:11  Drone  
  123  18:14  Ultralisk, Overlord  
  129  18:22  Hatchery  
  129  18:23  Zerg Ground Armor Level 3  
  129  18:24  Drone  
  129  18:39  Spine Crawler  
  129  18:40  Drone  
  129  18:47  Spine Crawler  
  128  18:48  Drone  
  129  19:37  Queen  
  131  19:56  Spore Crawler  
  131  19:57  Drone  
  131  19:58  Hatchery  
  130  20:00  Drone  
  123  20:08  Ultralisk  
  123  20:12  Overseer  
  123  20:15  Overlord, Spore Crawler  
  123  20:17  Overseer  
  123  20:18  Zergling x2  
  115  20:24  Drone  
  115  20:28  Hydralisk  
  92  20:39  Hydralisk  
  92  20:40  Overlord  
  93  20:46  Overseer  
  93  20:47  Spine Crawler  
  93  20:49  Hydralisk  
  86  20:56  Spine Crawler  
  86  20:59  Zergling x2, Overlord  
  84  21:06  Zergling x2  
  79  21:14  Roach  
  73  21:19  Overlord  
  73  21:23  Drone  
  70  21:26  Drone  
  70  21:29  Zergling x2  
  70  21:31  Drone  
  62  21:33  Unknown  
  62  21:34  Drone  
  62  21:37  Drone, Roach  
  62  21:38  Spore Crawler  
  58  21:40  Queen  
  58  21:42  Queen, Hatchery  
  58  21:43  Drone  
  58  21:44  Mutalisk  
  58  21:46  Overlord  
  60  21:48  Drone  
  60  21:49  Spore Crawler  
  60  21:52  Zergling x2  
  60  21:53  Lair  
  60  21:54  Drone  
  59  21:55  Unknown  
  59  21:57  Drone  
  52  22:15  Roach  
  39  22:31  Drone  
  39  22:35  Drone  
  36  22:42  Drone  
  32  22:54  Drone  
  32  22:58  Drone  
  31  23:02  Drone  
  31  23:03  Overlord  
  31  23:05  Drone  
  25  23:08  Hatchery  
  25  23:10  Drone  
  23  23:13  Drone  
  23  23:16  Drone  
  23  23:19  Drone  
  24  23:23  Drone  
  24  23:26  Drone  
  26  23:29  Drone  
  26  23:31  Hydralisk Den  
  26  23:32  Drone  
  25  23:35  Drone  
  25  23:38  Drone  
  25  23:41  Drone  
  24  23:44  Drone  
  24  23:47  Drone  
  24  23:50  Drone  
  24  23:53  Drone  
  25  23:56  Drone  
  25  23:59  Drone  
  25  24:02  Drone  
  21  24:03  Hatchery, Hydralisk  
  21  24:05  Drone  
  21  24:08  Hydralisk, Drone  
  21  24:11  Drone  
  21  24:15  Hydralisk, Drone  
  21  24:18  Drone  
  21  24:21  Hydralisk, Drone  
  21  24:24  Drone  
  24  24:27  Hatchery, Drone  
  24  24:30  Drone, Hydralisk  
  22  24:34  Drone  
  22  24:37  Drone, Hydralisk  
  23  24:40  Drone  
  23  24:43  Drone, Hydralisk  
  24  24:46  Drone  
  24  24:50  Drone, Hydralisk  
  26  24:53  Drone  
  26  24:56  Drone, Unknown  
  26  24:57  Hydralisk  
  26  24:59  Drone  
  28  25:02  Drone  
  28  25:05  Drone  
  28  25:06  Hydralisk  
  30  25:08  Drone  
  30  25:09  Drone x2  
  30  25:11  Drone  
  30  25:12  Evolution Chamber  
  32  25:15  Drone  
  32  25:18  Drone  
  32  25:21  Drone  
  34  25:24  Drone  
  34  25:27  Unknown  
  34  25:28  Drone  
  35  25:31  Drone  
  35  25:33  Evolution Chamber  
  35  25:35  Drone  
  36  25:38  Drone, Infestation Pit  
  36  25:41  Drone  
  37  25:43  Spire  
  37  25:44  Drone  
  37  25:47  Drone  
  38  25:51  Spawning Pool, Drone  
  38  25:54  Drone  
  39  25:57  Drone  
  39  26:00  Drone  
  39  26:04  Drone  
  42  26:06  Drone  
  44  26:11  Drone  
  44  26:14  Drone  
  44  26:16  Hive, Unknown  
  44  26:17  Drone  
  45  26:21  Drone  
  45  26:23  Infestor  
  45  26:24  Hatchery  
  47  26:28  Infestor, Drone  
  47  26:31  Infestor  
  52  26:38  Zergling x2  
  52  26:39  Drone  
  54  26:40  Zergling x2, Queen, Roach Warren  
  54  26:42  Queen, Drone  
  54  26:43  Zergling x2, Queen, Spine Crawler  
  54  26:44  Queen x2  
  54  26:46  Zergling x2, Drone  
  67  26:47  Spine Crawler  
  67  26:49  Zergling x2, Drone  
  67  26:51  Spine Crawler  
  67  26:52  Zergling x2, Drone  
  67  26:54  Zergling x2  
  70  26:55  Drone  
  70  26:56  Zergling x2  
  70  26:58  Drone  
  70  26:59  Zergling x2  
  70  27:01  Zergling x2, Drone  
  75  27:03  Zergling x2  
  75  27:04  Drone  
  75  27:06  Mutalisk  
  75  27:08  Drone, Mutalisk  
  81  27:09  Spore Crawler  
  81  27:11  Drone  
  81  27:12  Mutalisk  
  81  27:14  Drone  
  86  27:16  Queen, Spore Crawler  
  86  27:18  Drone, Mutalisk  
  86  27:19  Queen  
  86  27:21  Spore Crawler  
  92  27:22  Drone  
  92  27:24  Roach  
  92  27:25  Drone  
  92  27:27  Zergling x2  
  92  27:28  Zerg Missile Weapons Level 3, Spore Crawler  
  92  27:29  Drone  
  96  27:31  Mutalisk  
  96  27:32  Drone  
  96  27:34  Mutalisk  
  96  27:35  Drone  
  102  27:38  Spore Crawler, Mutalisk  
  102  27:39  Queen, Drone  
  102  27:40  Mutalisk  
  102  27:43  Drone  
  109  27:46  Drone  
  109  27:48  Spore Crawler  
  109  27:50  Drone  
  109  27:51  Viper  
  110  27:52  Baneling Nest  
  110  27:53  Drone  
  110  27:56  Ultralisk Cavern  
  110  27:57  Drone  
  113  28:01  Drone  
  113  28:02  Spine Crawler  
  113  28:05  Drone  
  114  28:08  Drone  
  114  28:09  Spine Crawler  
  114  28:11  Drone  
  115  28:14  Spore Crawler  
  115  28:17  Drone  
  115  28:20  Spore Crawler  
  115  28:23  Drone  
  115  28:27  Spine Crawler  
  115  28:30  Drone  
  115  28:36  Baneling  
  115  28:37  Baneling, Spine Crawler  
  115  28:38  Zergling x2  
  115  28:39  Drone  
  116  28:42  Baneling x2  
  116  28:44  Baneling, Zergling x2  
  116  28:47  Baneling  
  116  28:48  Zergling x2  
  118  28:57  Spore Crawler  
  118  28:59  Drone  
  118  29:02  Spine Crawler  
  117  29:03  Drone  
  118  29:11  Spine Crawler  
  118  29:13  Drone  
  118  29:18  Greater Spire  
  118  29:24  Spine Crawler  
  117  29:26  Drone  
  117  29:29  Spine Crawler  
  117  29:30  Corruptor  
  119  29:35  Overlord  
  119  29:37  Drone  
  120  29:43  Corruptor  
  109  29:57  Infestor  
  79  30:08  Overseer  
  79  30:09  Drone x2  
  74  30:16  Zergling x2  
  74  30:17  Drone  
  74  30:20  Drone  
  71  30:22  Overlord x2  
  71  30:28  Overlord  
  67  30:29  Overlord  
  58  30:43  Drone  
  58  30:49  Overlord x2  
  51  31:08  Overlord, Corruptor  
  53  31:27  Drone  
  53  31:28  Overlord  
  53  31:29  Zergling x2  
  53  31:30  Drone  
  56  31:33  Drone  
  56  31:36  Drone  
  58  31:40  Overseer  
  58  31:46  Hatchery, Drone  
  58  31:48  Infestor, Overlord  
  58  31:49  Drone  
  58  31:51  Overseer  
  61  31:58  Brood Lord, Corruptor  
  65  32:06  Overlord  
  65  32:08  Corruptor  
  65  32:09  Drone  
  65  32:11  Hatchery  
  65  32:13  Drone  
  68  32:19  Infestor  
  70  32:25  Overlord  
  70  32:27  Drone  
  70  32:28  Queen  
  70  32:29  Roach Warren  
  73  32:30  Drone  
  73  32:33  Drone  
  73  32:36  Drone  
  75  32:39  Brood Lord  
  75  32:40  Corruptor, Drone  
  75  32:43  Drone  
  81  32:44  Overlord  
  81  32:46  Baneling Nest  
  81  32:47  Drone  
  81  32:50  Drone  
  81  32:51  Brood Lord, Corruptor  
  84  32:54  Drone  
  87  33:00  Queen  
  89  33:07  Spore Crawler  
  89  33:09  Drone  
  89  33:13  Hatchery, Drone  
  89  33:19  Roach  
  91  33:20  Hydralisk Den  
  91  33:22  Overlord  
  91  33:23  Viper  
  91  33:25  Ultralisk Cavern  
  92  33:28  Roach, Spire  
  92  33:32  Spore Crawler  
  92  33:35  Roach  
  92  33:37  Spore Crawler  
  93  33:45  Overlord, Roach  
  95  33:53  Roach  
  97  34:01  Roach  
  97  34:02  Spine Crawler  
  98  34:04  Viper  
  98  34:06  Overlord  
  98  34:07  Drone  
  98  34:08  Hydralisk  
  103  34:12  Drone, Spine Crawler  
  103  34:15  Hydralisk  
  104  34:17  Drone  
  104  34:19  Spine Crawler  
  104  34:21  Drone  
  104  34:23  Ultralisk  
  111  34:25  Drone  
  111  34:26  Overlord  
  111  34:29  Drone  
  119  34:31  Ultralisk  
  119  34:32  Drone  
  119  34:36  Drone  
  121  34:40  Hydralisk  
  122  34:46  Overlord  
  122  34:49  Hydralisk  
  122  34:51  Hatchery  
  121  34:53  Drone  
  121  34:57  Zergling x2  
  121  35:04  Viper  
  121  35:05  Ultralisk  
  122  35:07  Viper  
  122  35:10  Overlord  
  122  35:11  Overseer  
  122  35:12  Infestor  
  122  35:13  Overseer  
  113  35:19  Corruptor  
  115  35:29  Overlord  
  115  35:42  Overseer  
  115  35:44  Viper  
  115  35:48  Overlord  
  115  35:49  Viper  
  115  35:56  Overseer  
  115  35:58  Overlord  
  113  36:06  Overlord  
  113  36:08  Overlord  
  113  36:10  Overlord  
  113  36:11  Overlord  
  113  36:14  Overlord  
  113  36:17  Overlord  
  110  36:20  Overlord  
  110  36:23  Overseer  
  108  36:35  Corruptor  
  108  36:38  Drone  
  106  36:41  Hatchery  
  106  36:42  Drone  
  106  36:43  Queen, Viper  
  106  36:46  Drone  
  107  36:47  Overseer, Drone x3  
  107  36:49  Drone  
  107  36:50  Viper  
  107  36:51  Queen  
  107  36:55  Drone  
  107  36:57  Overlord  
  107  37:00  Drone  
  108  37:02  Drone x2  
  108  37:03  Overseer  
  108  37:07  Drone  
  107  37:08  Overseer  
  107  37:09  Overlord  
  107  37:11  Overlord  
  97  37:17  Hydralisk  
  97  37:18  Drone  
  97  37:19  Drone  
  75  37:25  Hydralisk  
  60  37:32  Hydralisk  
  60  37:33  Overlord, Evolution Chamber  
  60  37:36  Viper  
  58  37:37  Drone  
  58  37:40  Roach  
  58  37:41  Drone  
  58  37:43  Overseer  
  57  37:45  Infestation Pit  
  55  37:53  Spawning Pool  
  53  37:59  Drone  
  53  38:01  Overseer  
  53  38:02  Overlord  
  53  38:10  Hydralisk Den  
  50  38:22  Overlord  
  51  38:33  Overlord  
  46  38:37  Spire  
  45  38:44  Overlord  
  43  38:53  Overseer  
  43  38:57  Overseer  
  43  38:58  Unknown  
  40  39:05  Drone  
  40  39:08  Drone  
  30  39:11  Drone  
  30  39:13  Overlord  
  30  39:14  Drone  
  32  39:20  Overlord  
  27  39:39  Overlord  
  23  39:54  Drone  
  23  39:58  Overlord, Drone  
  24  40:02  Drone  
  24  40:05  Drone  
  16  40:16  Overlord, Drone  
  16  40:19  Drone  
  11  40:34  Drone  
  10  40:37  Overlord, Drone  
  10  40:40  Drone  
  12  40:43  Drone  
  13  40:55  Overlord  
  13  41:14  Drone  
  13  41:16  Overlord  
  13  41:17  Drone  
  15  41:35  Drone  
  15  41:37  Overlord  
  15  41:38  Drone  
  17  41:55  Drone  
  17  41:56  Overlord  
  17  41:58  Drone  
  19  42:02  Drone  
  19  42:06  Drone  
  21  42:09  Drone  
  21  42:12  Drone  
  21  42:15  Drone  
  24  42:16  Overlord  
  24  42:18  Drone  
  24  42:21  Drone  
  26  42:34  Drone  
  26  42:36  Overlord  
  27  42:37  Drone  
  27  42:41  Drone  
  30  42:44  Drone  
  30  42:49  Drone  
  31  42:52  Drone  
  31  42:55  Overlord, Drone  
  33  42:58  Drone  
  34  43:12  Drone  
  33  43:15  Overlord, Drone  
  33  43:18  Drone  
  34  43:21  Drone  
  32  43:27  Drone  
  32  43:31  Drone  
Show
View Real Time Build Order
Export as new Build Order

Player 8 Terran 

Build Orders: 2 Factory 

Get SALT Encoding   

  12  0:01  SCV  
  13  0:13  SCV  
  14  0:15  Supply Depot  
  14  0:25  SCV  
  15  0:38  SCV  
  15  0:40  Barracks  
  16  0:50  SCV  
  16  0:55  Command Center  
  17  1:02  SCV  
  18  1:16  Supply Depot  
  18  1:23  Unknown  
  18  1:26  Unknown  
  18  1:28  Orbital Command  
  18  1:29  Marine  
  19  1:45  Barracks  
  19  1:47  Marine  
  20  1:54  SCV  
  21  2:06  Barracks Tech Lab  
  21  2:08  SCV  
  22  2:21  SCV  
  23  2:24  Marine, SCV  
  25  2:31  Marine  
  25  2:33  SCV  
  25  2:34  Engineering Bay  
  25  2:36  SCV  
  28  2:42  Marine  
  29  2:59  Barracks Tech Lab, Unknown  
  29  3:00  Marauder  
  31  3:06  Factory  
  31  3:13  Factory  
  31  3:14  SCV  
  31  3:16  Unknown  
  31  3:18  SCV  
  33  3:21  Reaper  
  33  3:26  SCV  
  35  3:30  Marine  
  35  3:31  SCV  
  35  3:32  Supply Depot  
  37  3:39  SCV  
  36  3:46  SCV  
  34  3:49  Marauder  
  34  3:51  SCV  
  34  3:57  Starport  
  34  3:58  SCV  
  34  4:00  Marine, Factory Tech Lab  
  34  4:04  SCV  
  34  4:05  Factory Tech Lab  
  35  4:10  SCV  
  35  4:13  Supply Depot  
  35  4:15  Marine  
  37  4:20  SCV  
  38  4:25  Hellion  
  38  4:26  SCV  
  41  4:32  Hellion  
  42  4:40  Medivac  
  39  4:46  Hellion  
  39  4:47  SCV  
  35  4:54  Hellion  
  33  5:06  SCV  
  29  5:07  Hellion  
  29  5:12  SCV  
  28  5:15  Hellion  
  28  5:18  SCV  
  28  5:19  Viking  
  25  5:24  SCV  
  24  5:30  SCV  
  24  5:31  Hellion  
  22  5:36  SCV  
  18  5:42  SCV  
  18  5:48  SCV  
  18  5:49  Viking  
  21  5:55  SCV  
  20  5:58  Marine  
  20  6:00  SCV  
  17  6:07  SCV  
  17  6:13  SCV  
  17  6:19  Viking, SCV  
  17  6:25  SCV  
  18  6:31  SCV  
  19  6:37  Hellion, SCV  
  21  6:43  Marine, SCV  
  22  6:49  SCV  
  22  6:52  Viking  
  25  7:00  Hellion  
  21  7:18  Supply Depot  
  17  7:39  Viking  
  17  7:40  SCV  
  20  7:45  Supply Depot  
  20  8:06  SCV  
  20  8:09  Viking  
  22  8:18  Barracks, SCV  
  23  8:33  Supply Depot  
Show
View Real Time Build Order
Export as new Build Order

Player 9 Protoss 

Build Orders:  

Get SALT Encoding   

  12  0:01  Probe  
  13  0:13  Probe  
  14  0:17  Pylon  
  14  0:25  Probe  
  15  0:33  Probe  
  15  0:37  Unknown  
  15  0:41  Probe, Unknown  
  16  0:45  Gateway  
  17  0:52  Probe  
  17  0:55  Pylon  
  18  1:19  Gateway  
  18  1:32  Zealot  
  20  1:36  Cybernetics Core  
  20  1:52  Pylon  
  20  1:53  Zealot  
  22  2:16  Adept  
  22  2:20  Warp Gate  
  22  2:21  Pylon  
  24  2:35  Adept  
  24  2:36  Probe  
  27  2:48  Probe  
  28  2:53  Adept  
  28  2:57  Pylon  
  30  3:00  Forge, Probe  
  31  3:09  Probe  
  31  3:11  Adept  
  34  3:17  Probe  
  35  3:27  Probe  
  35  3:29  Stalker  
  38  3:47  Adept  
  40  4:08  Adept  
  42  4:26  Adept  
  44  6:39  Probe  
  44  6:40  Stalker  
  47  6:47  Probe  
  47  6:50  Pylon  
  47  6:52  Nexus  
  48  6:54  Stalker  
  50  7:01  Photon Cannon  
  50  7:09  Stalker, Photon Cannon  
  50  7:13  Robotics Facility, Probe  
  51  7:18  Stargate  
  51  7:20  Twilight Council  
  51  7:21  Probe  
  41  7:25  Stalker  
  36  7:32  Forge  
  36  7:36  Pylon  
  36  7:39  Stalker  
  36  7:43  Gateway  
  38  7:53  Sentry  
  41  8:06  Observer  
  41  8:07  Probe  
  41  8:08  Stalker  
  44  8:14  Pylon, Probe  
  44  8:15  Probe  
  46  8:20  Pylon  
  46  8:23  Unknown  
  46  8:24  Probe  
  46  8:26  Zealot, Unknown  
  49  8:33  Observer  
  49  8:34  Probe  
  50  8:35  Probe  
  50  8:41  Zealot  
  54  8:45  Photon Cannon  
  54  8:47  Probe  
  55  8:50  Probe  
  55  8:52  Photon Cannon  
  56  8:55  Nexus  
  56  8:58  Probe  
  56  8:59  Adept  
  56  9:02  Probe  
  60  9:06  Probe  
  60  9:14  Adept, Probe x2  
  65  10:10  Zealot  
  67  10:16  Probe  
  67  10:20  Unknown  
  63  10:22  Probe  
  45  10:28  Zealot  
  45  10:30  Probe  
  45  10:34  Probe  
  46  10:42  Probe  
  51  10:44  Zealot  
Show
View Real Time Build Order
Export as new Build Order

Player 10 Zerg 

Build Orders: 1 Base Baneling Bust, Pool First 

Get SALT Encoding   

  12  0:01  Drone  
  13  0:12  Overlord  
  13  0:14  Drone  
  14  0:30  Drone  
  14  0:33  Drone  
  16  0:36  Spawning Pool  
  16  0:38  Drone  
  16  0:45  Drone, Unknown  
  16  0:46  Unknown  
  15  0:55  Drone  
  16  1:06  Drone  
  17  1:17  Overlord  
  17  1:25  Queen  
  17  1:27  Zergling x2  
  20  1:38  Zergling x2, Roach Warren  
  20  1:48  Baneling Nest  
  20  1:49  Drone  
  20  2:00  Drone  
  21  2:10  Drone  
  22  2:22  Zergling x2  
  23  2:33  Overlord  
  23  2:34  Zergling x2  
  24  2:37  Zergling x2  
  24  2:41  Zergling x2  
  26  2:45  Zergling x2  
  26  2:49  Baneling  
  26  2:50  Baneling, Zergling x2  
  26  2:51  Evolution Chamber  
  27  2:54  Baneling  
  27  2:56  Baneling  
  27  3:00  Drone  
  28  3:07  Zergling x2  
  28  3:08  Drone  
  28  3:09  Overlord  
  28  3:10  Zergling x2  
  28  3:11  Drone  
  32  3:15  Drone  
  32  3:18  Drone  
  34  3:27  Drone  
  35  3:36  Drone  
  36  5:07  Lair  
  36  5:09  Overlord  
  36  5:10  Drone  
  36  5:14  Drone  
  38  5:26  Spore Crawler  
  38  5:27  Drone  
  38  5:31  Drone  
  38  5:33  Overlord  
  38  5:35  Drone, Spore Crawler  
  39  5:38  Drone  
  40  5:43  Evolution Chamber  
  40  5:46  Drone  
  40  6:07  Overseer  
  40  6:08  Overseer, Spine Crawler  
  40  6:10  Drone  
  40  6:11  Queen  
  40  6:13  Spire  
  40  6:14  Drone  
  42  6:23  Spine Crawler  
  41  6:26  Drone  
  41  6:27  Hatchery  
  41  6:30  Drone  
  42  6:33  Infestation Pit  
  42  6:35  Drone  
  42  6:37  Zergling x2  
  38  6:41  Hydralisk Den  
  38  6:42  Drone  
  36  6:47  Baneling  
  35  6:54  Zergling x2  
  36  7:02  Zergling x2  
  35  7:09  Zergling x2  
  36  7:18  Zergling x2  
  37  7:26  Zergling x2  
  38  7:33  Baneling  
  38  7:35  Zergling x2  
  39  7:42  Drone  
  39  7:43  Mutalisk  
  40  7:47  Drone  
  40  7:48  Queen  
  40  7:50  Drone  
  46  7:52  Mutalisk  
  46  7:54  Drone  
  46  7:56  Spore Crawler  
  46  7:58  Drone  
  49  8:00  Mutalisk  
  49  8:03  Drone  
  52  8:07  Spore Crawler  
  52  8:08  Drone  
  52  8:09  Mutalisk  
  52  8:11  Drone  
  55  8:15  Drone, Spore Crawler  
  55  8:17  Mutalisk  
  55  8:19  Drone  
  58  8:24  Drone  
  59  8:29  Drone  
  59  8:31  Drone  
  59  8:33  Overlord  
  61  8:44  Spine Crawler  
  61  8:46  Drone  
  61  8:54  Spine Crawler  
  61  8:55  Drone  
  61  9:11  Unknown  
  60  9:25  Roach  
  60  9:26  Hatchery  
  61  9:32  Hydralisk  
  62  9:39  Overseer  
  62  9:41  Roach  
  62  9:42  Overlord  
  62  9:44  Pneumatized Carapace  
  64  9:48  Drone  
  64  9:50  Ravager  
  66  9:53  Hydralisk  
  66  9:54  Zerg Melee Weapons Level 1  
  66  9:57  Zerg Ground Armor Level 1  
  67  10:01  Metabolic Boost  
  67  10:03  Roach  
  67  10:05  Overlord  
  67  10:06  Drone  
  70  10:10  Burrow  
  70  10:11  Roach  
  72  10:22  Ravager  
  72  10:24  Hydralisk  
  69  10:33  Hydralisk  
  66  10:35  Hive  
  66  10:41  Hydralisk  
  65  10:47  Drone  
  66  10:51  Queen  
  66  10:53  Roach  
  66  10:55  Drone, Spore Crawler  
  70  11:01  Drone  
  70  11:02  Roach  
  71  11:05  Drone  
  71  11:06  Unknown  
  71  11:08  Drone  
  71  11:10  Hatchery  
  71  11:11  Zergling x2  
  68  11:12  Drone  
  68  11:15  Drone  
  68  11:17  Overseer  
  70  11:21  Drone  
  71  11:26  Drone  
  71  11:27  Overseer, Spore Crawler  
  71  11:29  Drone  
  71  11:30  Overlord  
  71  11:32  Unknown  
  71  11:33  Drone  
  71  11:37  Drone  
  73  11:40  Drone  
  73  11:43  Drone  
  75  11:47  Drone  
  75  11:49  Zerg Missile Weapons Level 1  
  75  11:51  Drone  
  77  11:55  Drone  
  77  11:58  Drone  
  79  12:02  Drone  
  79  12:03  Overlord  
  79  12:06  Spine Crawler, Drone  
  80  12:09  Drone  
  80  12:11  Spine Crawler  
  80  12:13  Drone  
  81  12:16  Drone  
  81  12:21  Ultralisk Cavern  
  81  12:22  Greater Spire  
  81  12:24  Drone  
  81  12:29  Queen  
  84  12:41  Unknown  
  84  12:43  Drone  
  84  12:47  Spore Crawler  
  84  12:50  Drone  
  84  12:58  Roach  
  86  13:02  Overlord, Roach  
  88  13:06  Roach  
  88  13:10  Roach, Spore Crawler  
  91  13:14  Roach  
  91  13:17  Zerg Melee Weapons Level 2  
  91  13:19  Roach  
  95  13:22  Overlord  
  95  13:24  Unknown  
  95  13:25  Roach  
  96  13:29  Drone  
  96  13:30  Roach  
  96  13:32  Drone  
  99  13:34  Roach  
  99  13:37  Zerg Flyer Weapons Level 1  
  99  13:38  Roach  
  98  13:42  Roach  
  98  13:43  Overlord  
  98  13:46  Drone  
  98  13:48  Roach  
  100  13:52  Hydralisk  
  100  13:55  Queen  
  95  13:58  Infestor  
  95  14:01  Drone  
  98  14:05  Zergling x2  
  98  14:06  Drone  
  98  14:09  Roach  
  94  14:11  Hydralisk  
  94  14:13  Drone  
  94  14:15  Roach  
  94  14:19  Hydralisk, Spire  
  94  14:22  Overlord  
  87  14:34  Overseer  
  87  14:35  Overseer  
  66  14:39  Roach  
  66  14:40  Drone  
  66  14:44  Roach  
  70  14:46  Overlord  
  70  14:48  Zergling x2  
  70  14:52  Roach  
  73  14:56  Roach  
  66  15:02  Hatchery, Roach  
  66  15:06  Roach  
  58  15:08  Drone  
  58  15:10  Roach  
  58  15:12  Drone  
  54  15:14  Roach  
  54  15:17  Drone  
  54  15:19  Roach  
  59  15:21  Drone  
  59  15:24  Roach  
  59  15:25  Drone  
  59  15:26  Overlord  
  59  15:28  Roach  
  65  15:29  Drone  
  65  15:30  Unknown  
  65  15:32  Roach  
  51  15:36  Roach  
  33  15:44  Zergling x2  
  33  15:47  Overlord x2  
  33  15:49  Infestor  
  27  15:56  Drone  
  22  16:07  Overlord  
  24  16:12  Overlord  
  20  16:30  Evolution Chamber  
  20  16:32  Overlord  
  7  16:48  Drone  
  7  16:50  Overlord  
  7  16:51  Drone  
  4  16:55  Drone  
  4  16:58  Drone  
  4  16:59  Drone  
  4  17:07  Drone  
  3  17:10  Drone  
  3  17:21  Hatchery, Drone  
  1  17:28  Drone  
  2  17:31  Drone  
  3  17:42  Drone  
  4  17:48  Drone  
  4  18:03  Drone  
  4  18:13  Drone  
  5  18:21  Hatchery  
  5  18:24  Drone  
  5  18:33  Overlord  
  5  18:35  Drone  
  5  18:38  Drone  
  5  18:40  Hatchery  
  6  18:43  Spawning Pool  
  6  18:46  Drone  
  6  18:54  Drone  
  7  18:57  Overlord, Drone  
  8  19:07  Drone  
  9  19:11  Unknown  
  9  19:16  Drone  
  9  19:19  Drone  
  10  19:29  Drone  
  10  19:30  Queen  
  13  19:34  Zergling x2  
  13  19:37  Unknown  
  13  19:38  Lair  
  13  19:39  Overlord  
  13  19:44  Drone  
  14  19:46  Unknown  
  14  19:49  Evolution Chamber  
  14  19:50  Drone  
  14  19:51  Zergling x2  
  14  19:55  Drone  
  14  20:01  Zergling x2  
  14  20:02  Drone  
  14  20:05  Drone  
  16  20:11  Drone  
  16  20:14  Zergling x2  
  16  20:16  Hatchery  
  16  20:17  Drone  
  16  20:20  Spore Crawler  
  16  20:23  Zergling x2  
  16  20:24  Drone  
  13  20:30  Zergling x2  
  11  20:35  Queen  
  11  20:36  Drone  
  11  20:37  Overlord, Overseer  
  11  20:48  Drone  
  10  20:58  Overlord  
  9  21:10  Drone  
  8  21:27  Overlord  
  7  21:45  Drone  
  7  21:46  Overlord, Drone  
  6  21:48  Drone  
  6  21:56  Drone  
Show
View Real Time Build Order
Export as new Build Order

Player 11 Zerg 

Build Orders: 1 Base Baneling Bust, Pool First 

Get SALT Encoding   

  12  0:02  Drone  
  13  0:11  Overlord  
  13  0:14  Drone  
  14  0:29  Drone  
  14  0:32  Drone  
  16  0:36  Spawning Pool, Drone  
  16  0:43  Unknown  
  16  0:45  Drone, Unknown  
  15  0:55  Drone  
  16  1:06  Drone  
  17  1:17  Overlord  
  17  1:23  Queen  
  19  1:28  Zergling x2  
  20  1:34  Roach Warren  
  20  1:38  Drone  
  20  1:49  Zergling x2  
  21  2:00  Drone  
  22  2:10  Overlord  
  22  2:21  Roach  
  24  2:24  Baneling Nest  
  23  2:30  Overlord  
  23  2:33  Drone  
  23  2:36  Drone  
  25  2:37  Roach  
  25  2:39  Drone  
  25  2:42  Drone  
  29  2:49  Drone  
  30  2:54  Ravager  
  30  2:56  Evolution Chamber  
  30  3:01  Drone, Roach  
  30  3:05  Drone  
  34  3:08  Drone  
  34  3:11  Overlord  
  35  3:16  Roach  
  37  3:31  Roach  
  39  3:46  Ravager  
  39  3:47  Roach  
  42  6:27  Lair  
  42  6:29  Drone  
  43  6:34  Drone  
  43  6:37  Hatchery  
  41  6:40  Overlord  
  41  6:44  Drone  
  41  6:45  Zergling x2  
  29  6:48  Drone  
  29  6:50  Spore Crawler  
  29  6:52  Drone  
  29  6:53  Zergling x2  
  31  6:55  Drone  
  31  6:59  Spore Crawler  
  31  7:00  Zergling x2  
  32  7:02  Drone  
  32  7:08  Zergling x2  
  29  7:17  Zergling x2  
  29  7:19  Drone  
  29  7:23  Drone  
  29  7:27  Overseer  
  28  7:30  Drone  
  28  7:32  Roach  
  28  7:35  Queen, Hydralisk Den  
  32  7:37  Drone  
  32  7:39  Overseer  
  32  7:41  Drone  
  32  7:44  Spine Crawler  
  33  7:45  Drone  
  33  7:46  Roach  
  33  7:48  Drone  
  33  7:49  Queen, Infestation Pit  
  38  7:52  Drone  
  38  7:54  Spire  
  38  7:56  Drone  
  39  7:59  Spore Crawler  
  39  8:00  Drone  
  39  8:03  Hydralisk  
  39  8:05  Drone, Spore Crawler  
  39  8:09  Hatchery  
  39  8:10  Queen  
  39  8:12  Drone  
  42  8:16  Drone, Evolution Chamber  
  42  8:22  Hydralisk  
  42  8:24  Drone  
  44  8:28  Spine Crawler  
  44  8:30  Drone  
  45  8:34  Drone  
  45  8:38  Ravager, Spine Crawler  
  45  8:39  Ravager  
  46  8:41  Drone  
  46  8:44  Roach  
  46  8:45  Drone  
  46  8:47  Spine Crawler  
  49  8:49  Drone  
  49  8:54  Drone  
  51  8:58  Roach  
  51  8:59  Drone  
  54  9:03  Drone  
  54  9:09  Drone  
  56  9:12  Hydralisk  
  57  9:26  Drone  
  57  9:27  Hydralisk  
  57  9:30  Drone  
  60  9:31  Queen  
  60  9:34  Drone  
  63  9:40  Drone  
  63  9:42  Unknown  
  63  9:43  Drone  
  63  9:49  Drone  
  61  9:53  Drone  
  61  9:57  Zergling x2  
  61  9:59  Drone  
  59  10:01  Unknown  
  59  10:03  Drone  
  58  10:07  Drone  
  58  10:12  Roach  
  59  10:14  Drone  
  59  10:19  Drone  
  60  10:25  Hydralisk, Drone  
  62  10:30  Drone  
  60  10:36  Drone  
  60  10:39  Hydralisk  
  60  10:40  Spore Crawler  
  56  10:43  Drone  
  56  10:46  Queen  
  56  10:48  Zergling x2  
  60  10:50  Drone  
  61  10:58  Hydralisk, Unknown  
  61  11:00  Overseer  
  61  11:01  Overlord  
  61  11:03  Drone  
  62  11:09  Pneumatized Carapace  
  62  11:11  Hydralisk  
  62  11:13  Drone  
  64  11:19  Zerg Melee Weapons Level 1  
  64  11:22  Roach  
  64  11:25  Drone  
  67  11:26  Spore Crawler  
  67  11:28  Zerg Ground Armor Level 1  
  67  11:29  Roach  
  67  11:31  Hive  
  67  11:32  Overseer, Drone  
  68  11:35  Overlord  
  68  11:38  Hydralisk  
  67  11:40  Drone  
  67  11:43  Burrow  
  67  11:44  Drone  
  67  11:46  Ravager  
  68  11:48  Drone  
  68  11:50  Roach  
  68  11:51  Drone  
  72  11:55  Drone  
  72  11:56  Overlord  
  72  11:59  Drone  
  74  12:03  Drone  
  74  12:06  Drone  
  74  12:07  Queen  
  76  12:12  Drone  
  76  12:13  Unknown  
  76  12:15  Drone  
  77  12:19  Drone  
  77  12:22  Drone  
  79  12:26  Drone  
  79  12:27  Overlord  
  80  12:30  Drone  
  80  12:31  Spore Crawler  
  80  12:34  Drone  
  81  12:38  Drone  
  81  12:40  Spore Crawler  
  81  12:42  Drone  
  82  12:52  Greater Spire  
  82  12:55  Hydralisk  
  82  12:56  Drone x2  
  82  12:58  Drone  
  82  13:00  Ultralisk Cavern  
  82  13:02  Drone  
  82  13:03  Drone  
  82  13:17  Spine Crawler  
  82  13:19  Drone  
  82  13:23  Zergling x2  
  80  13:30  Spine Crawler, Roach  
  80  13:33  Drone  
  82  13:37  Roach  
  73  13:45  Roach, Drone  
  67  13:53  Roach  
  67  13:54  Queen  
  67  13:55  Drone  
  70  13:58  Drone  
  70  14:00  Hydralisk  
  70  14:02  Drone  
  71  14:05  Drone  
  71  14:08  Hydralisk  
  71  14:09  Spire  
  71  14:11  Overlord  
  71  14:14  Hydralisk  
  70  14:20  Hydralisk  
  69  14:25  Hydralisk  
  69  14:30  Drone  
  69  14:31  Roach  
  70  14:32  Overlord  
  70  14:34  Overseer  
  67  14:38  Roach  
  67  14:39  Overseer, Drone  
  60  14:51  Overlord  
  30  15:08  Drone x2  
Show
View Real Time Build Order
Export as new Build Order

Player 12 Terran 

Build Orders:  

Get SALT Encoding   

  12  0:01  SCV  
  13  0:13  SCV  
  14  0:14  Supply Depot  
  14  0:25  SCV  
  15  0:37  SCV  
  15  0:39  Barracks  
  15  0:41  Unknown  
  16  0:44  Unknown  
  17  0:50  SCV  
  17  1:02  SCV  
  18  1:10  Supply Depot  
  18  1:25  Marine  
  18  1:28  Barracks  
  18  1:29  Orbital Command  
  19  1:45  Barracks Tech Lab  
  19  2:02  Supply Depot  
  19  2:04  Marine  
  20  2:16  Marine  
  21  2:27  Marine  
  22  2:32  Supply Depot  
  22  2:37  SCV  
  22  2:39  Marine  
  24  2:49  SCV  
  24  2:50  Marine, Engineering Bay  
  26  3:01  SCV  
  26  3:02  Marine  
  28  3:13  SCV  
  28  3:14  Marauder  
  31  3:25  Marine, SCV  
  33  3:29  Supply Depot  
  33  3:37  Marine, SCV  
  35  3:49  Marine  
  36  4:00  Marine  
  37  4:19  Marauder  
  39  4:40  Marauder  
  41  6:33  Barracks Tech Lab  
  41  6:36  SCV  
  41  6:38  Marine  
  32  6:44  Factory  
  26  6:48  SCV  
  26  6:51  Factory  
  26  6:53  Command Center  
  26  6:56  Marauder  
  26  7:00  SCV  
  25  7:02  Supply Depot  
  25  7:05  Marine  
  25  7:08  Missile Turret  
  25  7:12  SCV  
  26  7:16  Missile Turret  
  26  7:18  Marine  
  27  7:24  SCV  
  28  7:31  Marine  
  28  7:32  Barracks  
  28  7:36  SCV  
  30  7:45  Sensor Tower, Marine  
  30  7:48  SCV  
  32  7:52  Bunker  
  32  7:56  Factory Tech Lab  
  32  7:59  Marine, Factory Tech Lab  
  32  8:01  SCV  
  32  8:04  Armory  
  32  8:05  SCV  
  35  8:13  SCV  
  35  8:14  Marine  
  35  8:19  SCV  
  38  8:23  Unknown  
  38  8:25  SCV  
  39  8:29  Marine, Missile Turret  
  39  8:31  SCV  
  41  8:37  SCV  
  41  8:38  Missile Turret  
  42  8:43  SCV, Unknown  
  42  8:44  Marauder  
  45  8:49  SCV  
  45  8:55  Starport, SCV  
  46  8:57  Siege Tank  
  46  8:58  Barracks Reactor  
  46  9:01  SCV  
  51  9:05  Bunker  
  51  9:08  SCV  
  52  9:12  Cyclone  
  52  9:13  SCV  
  56  9:20  SCV  
  57  9:25  SCV  
  57  9:29  Siege Tank  
  61  9:32  SCV  
  61  9:37  SCV, Starport Tech Lab  
  63  9:44  SCV  
  64  9:49  SCV  
  65  9:56  Raven  
  67  10:38  Raven  
  69  11:28  Siege Tank  
  69  11:31  Medivac  
  74  11:37  Starport  
  74  11:43  Supply Depot  
  74  11:50  Ghost Academy, Marine  
  72  11:57  Marine  
  72  11:59  Stimpack, Fusion Core  
  73  12:01  Medivac  
  73  12:05  Marine  
  73  12:06  Combat Shield  
  72  12:09  Terran Infantry Weapons Level 1, Engineering Bay  
  72  12:12  Marine  
  72  12:19  Armory  
  72  12:21  Marine  
  73  12:25  Starport Reactor  
  73  12:29  Siege Tank  
  76  12:31  Raven  
  76  12:35  Supply Depot  
  76  12:36  Terran Infantry Armor Level 1  
  78  12:37  Siege Tank  
  81  12:46  Marine  
  81  12:49  Command Center  
  82  12:54  Marine  
  74  13:00  Marine  
  74  13:02  Medivac  
  74  13:04  Supply Depot  
  76  13:07  Marine  
  77  13:14  Marine  
  78  13:22  Marine  
  78  13:25  Raven  
  72  13:29  Siege Tank  
  67  13:36  Marine  
  68  13:43  Marine  
  69  13:50  Marine  
  70  13:57  Marine  
  71  14:05  SCV  
  71  14:06  Siege Tank  
  71  14:07  Unknown  
  71  14:08  Raven, SCV  
  78  14:12  SCV  
  78  14:13  Siege Tank, Missile Turret  
  78  14:15  Unknown  
  82  14:17  SCV  
  82  14:21  Missile Turret, SCV  
  84  14:24  SCV  
  84  14:29  SCV  
  86  14:33  SCV  
  86  14:36  SCV  
  88  14:38  Siege Tank  
  88  14:42  SCV  
  88  14:43  Bunker  
  92  15:16  Marauder  
  92  15:19  Marauder  
  96  15:23  Marine  
  96  15:26  Supply Depot  
  96  15:27  Marine  
  96  15:28  Terran Infantry Weapons Level 2  
  98  15:32  Terran Infantry Armor Level 2  
  98  15:33  Terran Vehicle Weapons Level 1  
  98  15:34  Terran Ship Weapons Level 1  
  98  15:37  Marine  
  98  15:40  Marine  
  98  15:41  Marine  
  101  15:44  Marine  
  99  15:53  Supply Depot  
  99  15:55  Marine  
  88  15:58  Marine  
  88  15:59  Marine  
  88  16:02  Marine  
  80  16:12  Marine  
  80  16:16  Marine  
  80  16:17  Marine  
  83  16:22  Marine  
  84  16:30  Marine  
  85  16:33  Marine  
  85  16:34  Marine  
  87  16:40  Marine  
  88  16:49  Marauder  
  88  16:52  Marauder  
  92  17:05  Concussive Shells  
  92  17:10  Marauder, Raven  
  92  17:12  Ghost  
  92  17:31  Ghost  
  94  17:42  Marauder  
  94  17:43  Marine  
  95  17:46  Marine  
  95  17:47  Medivac  
  96  17:52  Terran Vehicle And Ship Armor Level 1  
  96  17:53  Medivac, Raven  
  96  17:55  Terran Vehicle Weapons Level 2  
  96  17:57  Terran Infantry Weapons Level 3  
  96  17:58  Terran Infantry Armor Level 3  
  98  18:19  Command Center  
  98  18:35  Raven  
  100  18:45  Siege Tank  
  103  18:48  Marine  
  103  18:51  Marine  
  103  18:55  Marine  
  106  18:59  Siege Tank  
  109  19:10  Marauder  
  108  19:17  Cyclone  
  108  19:18  Marine  
  112  19:48  Terran Vehicle And Ship Armor Level 2  
  112  19:49  Unknown  
  112  19:53  Missile Turret  
  112  19:57  Missile Turret  
  112  20:21  Bunker  
  112  20:39  Marine  
  112  21:47  Command Center  
  112  23:06  Missile Turret  
  112  23:20  Missile Turret  
  112  23:27  Unknown  
  112  23:29  Unknown  
  112  23:41  Command Center  
  112  23:44  Bunker  
  112  24:43  Viking  
  112  24:44  SCV  
  102  24:47  SCV  
  102  24:50  Viking  
  102  24:51  SCV  
  106  24:54  SCV  
  106  24:59  Missile Turret  
  108  25:02  SCV  
  108  25:04  Viking  
  108  25:05  Missile Turret  
  108  25:06  SCV  
  96  25:14  Barracks  
  89  25:35  Command Center  
  89  25:47  Hi-Sec Auto Tracking  
  89  25:54  Command Center  
  89  26:39  Factory  
  86  26:51  SCV  
  86  26:53  SCV x2  
  74  26:54  Viking, Hellion  
  74  26:56  SCV  
  74  26:57  Medivac  
  53  27:04  SCV  
  53  27:05  SCV  
  53  27:07  SCV  
  46  27:10  SCV  
  46  27:13  SCV  
  48  27:16  SCV  
  48  27:19  SCV  
  48  27:22  Command Center, Orbital Command  
  50  27:23  SCV  
  50  27:26  SCV  
  50  27:29  SCV  
  55  27:32  SCV  
  55  27:33  Missile Turret  
  55  27:34  Factory Reactor  
  55  27:35  SCV  
  56  27:37  Missile Turret  
  56  27:40  Missile Turret  
  56  27:41  SCV x2  
  56  27:42  Unknown  
  59  27:44  SCV  
  59  27:45  Missile Turret  
  59  27:46  Marine  
  59  27:50  Barracks Tech Lab, SCV  
  59  27:54  Supply Depot, Orbital Command  
  54  28:00  Sensor Tower  
  52  28:17  Command Center  
  52  28:19  Command Center  
  52  28:22  Engineering Bay  
  52  28:26  Hellion  
  54  28:28  Armory  
  53  28:37  Barracks, SCV  
  55  28:53  Command Center  
  44  29:17  Command Center  
  44  29:26  Marine  
  45  29:33  Command Center  
  44  29:50  Command Center  
  43  29:58  Marine  
  45  30:03  SCV  
  45  30:06  SCV  
  28  30:09  SCV  
  24  30:15  Command Center, SCV  
  24  30:37  Command Center  
  23  31:01  Command Center  
  21  31:25  Command Center  
  21  31:33  SCV  
  21  31:36  SCV  
  21  31:39  SCV  
  24  31:45  SCV  
  24  31:49  SCV  
  24  31:52  SCV  
  23  32:14  Command Center  
  22  32:38  Command Center  
  7  33:09  Command Center  
  7  33:16  SCV  
  8  33:23  Command Center  
  8  33:28  SCV  
  9  33:36  Command Center  
  7  33:49  SCV  
  7  33:52  SCV  
  6  34:01  SCV  
  7  34:21  SCV  
  7  34:22  Engineering Bay  
  7  34:24  SCV  
  9  34:34  SCV  
  9  34:37  SCV  
  11  34:40  SCV  
  11  34:41  Supply Depot  
  11  34:43  SCV  
  13  34:46  SCV  
  13  34:49  SCV  
  13  34:52  SCV  
  16  34:55  SCV  
  16  34:58  SCV  
  18  35:01  SCV  
  18  35:04  SCV  
  18  35:05  Missile Turret  
  20  35:07  SCV  
  20  35:10  SCV  
  20  35:13  SCV  
  23  35:16  SCV  
  23  35:19  SCV  
  25  35:22  SCV  
  25  35:25  SCV  
  25  35:28  SCV  
  28  35:31  SCV  
  28  35:34  SCV  
  30  35:37  SCV  
  30  35:40  SCV  
  31  35:43  Command Center  
  31  35:48  SCV  
  32  35:50  SCV  
  32  35:55  Missile Turret  
  33  35:58  Sensor Tower, SCV  
  33  36:01  SCV  
  33  36:02  Barracks  
  35  36:04  SCV  
  35  36:07  SCV  
  35  36:10  SCV  
  38  36:12  Missile Turret  
  38  36:15  Missile Turret  
  38  36:19  Barracks  
  38  36:24  Barracks  
  38  36:28  Missile Turret  
  38  36:34  Missile Turret  
  38  36:42  Supply Depot  
  38  36:48  Unknown  
  38  36:50  Marine  
  38  36:51  Orbital Command  
  39  36:57  SCV  
  39  36:58  Engineering Bay  
  39  36:59  SCV  
  41  37:03  SCV  
  41  37:05  Missile Turret  
  41  37:06  Marine, SCV  
  41  37:07  Marine  
  45  37:09  SCV  
  45  37:10  Marine  
  45  37:12  SCV  
  45  37:14  SCV  
  45  37:15  Missile Turret  
  48  37:18  SCV  
  48  37:21  Bunker  
  50  37:23  Marine  
  50  37:24  SCV  
  50  37:25  Marine  
  50  37:28  SCV  
  46  37:31  SCV  
  46  37:32  Marine  
  46  37:36  Ghost Academy  
  39  37:41  Marine  
  39  37:43  Marine  
  41  37:47  SCV  
  41  37:50  Command Center, Marine, SCV  
  44  37:53  SCV  
  44  37:57  Supply Depot  
  45  37:59  Marine  
  45  38:01  Marine  
  45  38:07  Marine  
  45  38:11  Missile Turret  
  39  38:17  Marine  
  39  38:19  Marine  
  41  38:21  SCV  
  41  38:25  Marine, SCV  
  40  38:28  SCV  
  40  38:33  SCV  
  42  38:35  Marine  
  42  38:37  Marine  
  43  38:43  Marine  
  43  38:49  SCV  
  43  38:52  SCV  
  43  38:53  Marine  
  43  38:54  Marine  
  43  38:55  SCV  
  41  39:01  Marine  
  42  39:12  Marine  
  34  39:17  Command Center  
  34  39:19  Marine  
  29  39:24  SCV  
  27  39:33  Command Center  
  22  39:51  Missile Turret  
  20  40:29  SCV  
  20  40:32  SCV  
  22  40:38  SCV  
  22  40:41  SCV  
  23  40:44  SCV  
  23  40:48  Command Center  
  24  40:50  SCV  
  24  40:54  Engineering Bay  
  25  41:00  Engineering Bay  
  24  41:18  Supply Depot  
  19  41:57  SCV  
  19  42:00  SCV  
  19  42:01  Supply Depot  
  20  42:09  SCV  
  20  42:12  SCV  
  21  42:23  SCV  
  21  42:24  Barracks  
  22  42:43  Command Center  
  22  42:57  Sensor Tower  
  22  43:10  Marine  
  23  43:13  Barracks  
  23  43:21  Barracks  
  23  43:24  SCV  
  24  43:27  SCV  
  24  43:28  Marine  
  26  43:42  Command Center  
  26  43:46  Supply Depot, Marine  
  27  43:57  Factory  
  27  44:03  Marine  
  27  44:04  Marine  
  27  44:08  Ghost Academy  
  27  44:09  Marine  
  30  44:12  Missile Turret  
  30  44:21  Marine  
  30  44:22  Marine  
  32  44:27  Marine  
  32  44:28  Factory  
  33  44:39  Supply Depot  
  33  44:41  Hellion, Missile Turret  
  33  44:42  Barracks Reactor, Barracks Tech Lab  
  35  44:51  Starport  
  35  44:54  SCV  
  35  44:56  Armory  
  35  44:57  SCV  
  37  45:00  SCV  
  37  45:02  Hellion  
  37  45:03  SCV  
  37  45:07  SCV  
  42  45:10  SCV  
  42  45:12  SCV  
  44  45:14  Unknown  
  44  45:15  Missile Turret  
  44  45:19  SCV  
  44  45:20  SCV, Missile Turret  
  46  45:22  Unknown  
  46  45:23  SCV  
  46  45:24  Bunker  
  46  45:26  SCV  
  48  45:28  Supply Depot  
  48  45:29  Barracks Tech Lab, Starport Tech Lab  
  48  45:30  Fusion Core  
  48  45:31  SCV  
  48  45:33  Unknown  
  49  45:36  SCV  
  49  45:38  Starport  
  49  45:39  SCV  
  49  45:42  SCV  
  52  45:45  Armory, SCV  
  52  45:47  Medivac  
  52  45:49  Bunker, Factory Reactor, Factory Tech Lab, SCV  
  56  45:51  SCV  
  56  45:54  Supply Depot  
  57  46:08  Thor  
  63  46:14  Medivac  
  63  46:16  Raven  
  67  46:44  Starport Tech Lab  
  67  46:50  Thor  
  73  46:59  Raven  
  75  47:02  Raven  
  77  47:09  Marine  
  77  47:15  Marine  
  79  47:20  Marine  
  80  47:23  Supply Depot  
  80  47:33  Siege Tank  
  83  47:51  Supply Depot  
  83  47:56  Raven  
  83  47:57  Medivac  
  81  47:59  Hellion  
  81  48:05  Hellion  
  73  48:10  Marine  
  65  48:16  Marine  
  66  48:22  Marine  
  65  48:27  Raven  
  65  48:28  Marine  
  61  48:34  Marine, SCV  
  61  48:37  SCV  
  61  48:39  Medivac  
  61  48:40  Marine  
  55  48:41  SCV  
  55  48:44  SCV, Missile Turret  
  55  48:45  Marine  
  55  48:47  SCV  
  36  48:51  Marine  
  36  48:54  Missile Turret, SCV  
  25  48:56  SCV  
  25  48:57  Marine  
  25  48:59  SCV  
  22  49:03  Siege Tank  
  22  49:06  SCV  
  22  49:08  SCV  
  22  49:09  Marine  
  22  49:12  Missile Turret, SCV  
  20  49:17  Unknown  
  20  49:18  SCV  
  20  49:21  SCV  
  20  49:24  SCV  
  22  49:30  SCV  
  18  49:33  SCV, Unknown  
  16  49:42  Supply Depot, SCV  
  16  49:45  SCV  
  13  49:48  Engineering Bay  
Tags
 
Add a new tag
Caveats
  • Supply blocks, unpowered buildings, or Contaminate may cause inaccurate times.
  • Supply counts are checked every 10 seconds.